Workbook

Sheet ANEXO 1 - COTIZACION
B2: ANEXO 1 - ANALISIS DE COTIZACIONES
D3: ADQUISICIÓN DE ELEMENTOS PARA LA DOTACIÓN DE SEDES DEL PROGRAMA DE PROTECCIÓN Y ASISTENCIA DE LA FISCALIA GENERAL DE LA NACIÓN
B4: NECESIDAD | G4: COTIZACION 1 | I4: COTIZACION 2 | K4: COTIZACIÓN 3 | M4: COTIZACIÓN 5 | O4: COTIZACION 4 | P4: ANALISIS VALORES SIN IVA
I5: COTIZACIÓN 2 | K5: COTIZACIÓN 3 | M5: COTIZACIÓN 3 | O5: COTIZACIÓN 3 | P5: VALOR COTIZACIÓN HÁBIL MÁS BAJA | Q5: PROMEDIO | R5: VALOR COTIZACIÓN HÁBIL MÁS ALTA | S5: MEDIA ARITMETICA BAJA | U5: ANALISIS DE COTIZACIONES 2026
G6: LICCONT SAS | I6: INVERSIONES GUERFOR SAS | K6: CARVEPA SAS. | M6: REFERENCIA EXTERNA DEL MERCADO | O6: RESORTES Y PARRILLAS BONNELL SAS
B7: GRUPO 1 | G7: VALOR UNITARIO SIN IVA | I7: VALOR UNITARIO SIN IVA | K7: VALOR UNITARIO SIN IVA | M7: VALOR UNITARIO SIN IVA | O7: VALOR UNITARIO SIN IVA | P7: VALOR UNITARIO SIN IVA | Q7: VALOR UNITARIO SIN IVA | R7: VALOR UNITARIO SIN IVA | S7: VALOR UNITARIO SIN IVA | U7: VALOR UNITARIO SIN IVA | V7: IVA UNITARIO | W7: VALOR UNITARIO INCLUIDO IVA | X7: VALOR TOTAL INCLUIDO IVA
B8: ÍTEM | C8: DESCRIPCIÓN DEL BIEN ( Según especificaciones técnicas) | D8: CANTIDAD | E8: UNIDAD DE MEDIDA
B9: 1 | C9: Lavadora automática carga superior 13Kg | D9: 70 | E9: UNIDAD | G9: 2108000 | I9: 3400000 | K9: 10350000 | M9: 1699050 | P9: =ROUND(MIN(G9,M9),2) -> 1699050 | Q9: =ROUND(AVERAGE(G9,M9),2) -> 1903525 | R9: =ROUND(MAX(G9,M9),2) -> 2108000 | S9: =+ROUND(AVERAGE(P9,Q9),2) -> 1801287.5 | U9: =Q9 -> 1903525 | V9: =ROUND(U9*19%,2) -> 361669.75 | W9: =ROUND(V9+U9,2) -> 2265194.8 | X9: =ROUND(W9*D9,2) -> 1.5856363e+08
B10: 2 | C10: Lavadora automática carga superior 19 Kg | D10: 21 | E10: UNIDAD | G10: 2480000 | I10: 4100000 | K10: 10350000 | M10: 1949050 | P10: =ROUND(MIN(G10,M10),2) -> 1949050 | Q10: =ROUND(AVERAGE(G10,M10),2) -> 2214525 | R10: =ROUND(MAX(G10,M10),2) -> 2480000 | S10: =+ROUND(AVERAGE(P10,Q10),2) -> 2081787.5 | U10: =Q10 -> 2214525 | V10: =ROUND(U10*19%,2) -> 420759.75 | W10: =ROUND(V10+U10,2) -> 2635284.8 | X10: =ROUND(W10*D10,2) -> 55340980
B11: 3 | C11: Licuadora de Mesa | D11: 114 | E11: UNIDAD | G11: 322400 | I11: 2050000 | K11: 480000 | M11: 109900 | P11: =ROUND(MIN(G11,M11),2) -> 109900 | Q11: =ROUND(AVERAGE(G11,M11),2) -> 216150 | R11: =ROUND(MAX(G11,M11),2) -> 322400 | S11: =+ROUND(AVERAGE(P11,Q11),2) -> 163025 | U11: =S11 -> 163025 | V11: =ROUND(U11*19%,2) -> 30974.75 | W11: =ROUND(V11+U11,2) -> 193999.75 | X11: =ROUND(W11*D11,2) -> 22115972
B12: 4 | C12: Nevera No Frost 290 Lts | D12: 93 | E12: UNIDAD | G12: 2839600 | I12: 3700000 | K12: 5400000 | M12: 1779900 | P12: =ROUND(MIN(G12,M12),2) -> 1779900 | Q12: =ROUND(AVERAGE(G12,M12),2) -> 2309750 | R12: =ROUND(MAX(G12,M12),2) -> 2839600 | S12: =+ROUND(AVERAGE(P12,Q12),2) -> 2044825 | U12: =S12 -> 2044825 | V12: =ROUND(U12*19%,2) -> 388516.75 | W12: =ROUND(V12+U12,2) -> 2433341.8 | X12: =ROUND(W12*D12,2) -> 2.2630078e+08
B13: 5 | C13: Nevera No Frost 394 Lts | D13: 22 | E13: UNIDAD | G13: 3162000 | I13: 4400000 | K13: 8700000 | M13: 2099050 | P13: =ROUND(MIN(G13,M13),2) -> 2099050 | Q13: =ROUND(AVERAGE(G13,M13),2) -> 2630525 | R13: =ROUND(MAX(G13,M13),2) -> 3162000 | S13: =+ROUND(AVERAGE(P13,Q13),2) -> 2364787.5 | U13: =S13 -> 2364787.5 | V13: =ROUND(U13*19%,2) -> 449309.63 | W13: =ROUND(V13+U13,2) -> 2814097.1 | X13: =ROUND(W13*D13,2) -> 61910137
B14: 6 | C14: Televisor Smart 32 pulgadas | D14: 120 | E14: UNIDAD | G14: 1240000 | I14: 1250000 | K14: 1800000 | M14: 679900 | P14: =ROUND(MIN(G14,I14,M14),2) -> 679900 | Q14: =ROUND(AVERAGE(G14,I14,M14),2) -> 1056633.3 | R14: =ROUND(MAX(G14,I14,M14),2) -> 1250000 | S14: =+ROUND(AVERAGE(P14,Q14),2) -> 868266.67 | U14: =S14 -> 868266.67 | V14: =ROUND(U14*19%,2) -> 164970.67 | W14: =ROUND(V14+U14,2) -> 1033237.3 | X14: =ROUND(W14*D14,2) -> 1.2398848e+08
B15: 7 | C15: Ventilador 3 en 1 | D15: 174 | E15: UNIDAD | G15: 384400 | I15: 900000 | K15: 720000 | M15: 219900 | P15: =ROUND(MIN(G15,M15),2) -> 219900 | Q15: =ROUND(AVERAGE(G15,M15),2) -> 302150 | R15: =ROUND(MAX(G15,M15),2) -> 384400 | S15: =+ROUND(AVERAGE(P15,Q15),2) -> 261025 | U15: =S15 -> 261025 | V15: =ROUND(U15*19%,2) -> 49594.75 | W15: =ROUND(V15+U15,2) -> 310619.75 | X15: =ROUND(W15*D15,2) -> 54047836
B16: TOTAL GRUPO 1 | G16: =SUM(G9:G15) -> 12536400 | I16: =SUM(I9:I15) -> 19800000 | K16: =SUM(K9:K15) -> 37800000 | M16: =SUM(M9:M15) -> 8536750 | O16: =SUM(O9:O15) -> 0 | U16: TOTAL GRUPO 1 | X16: =SUM(X9:X15) -> 7.0226782e+08
B17: GRUPO 2
B19: =B18+1 -> 1 | C19: Base cama doble | D19: 120 | E19: UNIDAD | G19: 682000 | I19: 420000 | K19: 2200000 | P19: =ROUND(MIN(G19,I19),2) -> 420000 | Q19: =ROUND(AVERAGE(G19,I19),2) -> 551000 | R19: =ROUND(MAX(G19,I19),2) -> 682000 | S19: =+ROUND(AVERAGE(P19,Q19),2) -> 485500 | U19: =Q19 -> 551000 | V19: =ROUND(U19*19%,2) -> 104690 | W19: =ROUND(V19+U19,2) -> 655690 | X19: =ROUND(W19*D19,2) -> 78682800
B20: =B19+1 -> 2 | C20: Base cama sencilla | D20: 230 | E20: ='[1]ANEXO 1.'!E26 -> UNIDAD | G20: 558000 | I20: 360000 | K20: 1300000 | P20: =ROUND(MIN(G20,I20),2) -> 360000 | Q20: =ROUND(AVERAGE(G20,I20),2) -> 459000 | R20: =ROUND(MAX(G20,I20),2) -> 558000 | S20: =+ROUND(AVERAGE(P20,Q20),2) -> 409500 | U20: =Q20 -> 459000 | V20: =ROUND(U20*19%,2) -> 87210 | W20: =ROUND(V20+U20,2) -> 546210 | X20: =ROUND(W20*D20,2) -> 125628300
B21: 3 | C21: Combo comedor de cuatro (4) puestos Plástico | D21: 130 | E21: JUEGO | G21: 396800 | I21: 1800000 | K21: 1150000 | M21: 359900 | P21: =ROUND(MIN(G21,M21),2) -> 359900 | Q21: =ROUND(AVERAGE(G21,M21),2) -> 378350 | R21: =ROUND(MAX(G21,M21),2) -> 396800 | S21: =+ROUND(AVERAGE(P21,Q21),2) -> 369125 | U21: =Q21 -> 378350 | V21: =ROUND(U21*19%,2) -> 71886.5 | W21: =ROUND(V21+U21,2) -> 450236.5 | X21: =ROUND(W21*D21,2) -> 58530745
B22: 4 | C22: Sofás | D22: 122 | E22: UNIDAD | G22: 1860000 | I22: 2600000 | K22: 6000000 | P22: =ROUND(MIN(G22),2) -> 1860000 | Q22: =ROUND(AVERAGE(G22),2) -> 1860000 | R22: =ROUND(MAX(G22),2) -> 1860000 | S22: =+ROUND(AVERAGE(P22,Q22),2) -> 1860000 | U22: =P22 -> 1860000 | V22: =ROUND(U22*19%,2) -> 353400 | W22: =ROUND(V22+U22,2) -> 2213400 | X22: =ROUND(W22*D22,2) -> 270034800
B23: TOTAL GRUPO 2 | G23: =SUM(G19:G22) -> 3496800 | I23: =SUM(I19:I22) -> 5180000 | K23: =SUM(K19:K22) -> 10650000 | M23: =SUM(M19:M22) -> 359900 | O23: =SUM(O19:O22) -> 0 | U23: TOTAL GRUPO 2 | X23: =SUM(X19:X22) -> 532876645
B24: GRUPO 3
B26: =B25+1 -> 1 | C26: Balde | D26: 181 | E26: UNIDAD | G26: 22320 | K26: 21000 | P26: =ROUND(MIN(G26,K26),2) -> 21000 | Q26: =ROUND(AVERAGE(G26,K26),2) -> 21660 | R26: =ROUND(MAX(G26,K26),2) -> 22320 | S26: =+ROUND(AVERAGE(P26,Q26),2) -> 21330 | U26: =Q26 -> 21660 | V26: =ROUND(U26*19%,2) -> 4115.4 | W26: =ROUND(V26+U26,2) -> 25775.4 | X26: =ROUND(W26*D26,2) -> 4665347.4
B27: =B26+1 -> 2 | C27: Batería de ollas de siete (7) piezas | D27: 181 | E27: JUEGO | G27: 279000 | K27: 960000 | P27: =G27 -> 279000 | Q27: =G27 -> 279000 | R27: =Q27 -> 279000 | S27: =R27 -> 279000 | U27: =P27 -> 279000 | V27: =ROUND(U27*19%,2) -> 53010 | W27: =ROUND(V27+U27,2) -> 332010 | X27: =ROUND(W27*D27,2) -> 60093810
B28: =B27+1 -> 3 | C28: Olla grande | D28: 50 | E28: UNIDAD | G28: 68200 | K28: 600000 | P28: =G28 -> 68200 | Q28: =G28 -> 68200 | R28: =Q28 -> 68200 | S28: =R28 -> 68200 | U28: =P28 -> 68200 | V28: =ROUND(U28*19%,2) -> 12958 | W28: =ROUND(V28+U28,2) -> 81158 | X28: =ROUND(W28*D28,2) -> 4057900
B29: =B28+1 -> 4 | C29: Bombillo Led ahorrador, para iluminación interior | D29: 500 | E29: UNIDAD | G29: 6820 | K29: 41700 | P29: =G29 -> 6820 | Q29: =G29 -> 6820 | R29: =Q29 -> 6820 | S29: =R29 -> 6820 | U29: =P29 -> 6820 | V29: =ROUND(U29*19%,2) -> 1295.8 | W29: =ROUND(V29+U29,2) -> 8115.8 | X29: =ROUND(W29*D29,2) -> 4057900
B30: =B29+1 -> 5 | C30: Caneca para basura | D30: 181 | E30: UNIDAD | G30: 49600 | K30: 360000 | P30: =G30 -> 49600 | Q30: =G30 -> 49600 | R30: =Q30 -> 49600 | S30: =R30 -> 49600 | U30: =P30 -> 49600 | V30: =ROUND(U30*19%,2) -> 9424 | W30: =ROUND(V30+U30,2) -> 59024 | X30: =ROUND(W30*D30,2) -> 10683344
B31: =B30+1 -> 6 | C31: Cortina Pesada | D31: 480 | E31: UNIDAD | G31: 136400 | K31: 300000 | P31: =G31 -> 136400 | Q31: =G31 -> 136400 | R31: =Q31 -> 136400 | S31: =R31 -> 136400 | U31: =P31 -> 136400 | V31: =ROUND(U31*19%,2) -> 25916 | W31: =ROUND(V31+U31,2) -> 162316 | X31: =ROUND(W31*D31,2) -> 77911680
B32: =B31+1 -> 7 | C32: Cuchillo de cocina | D32: 181 | E32: UNIDAD | G32: 24800 | K32: 510000 | P32: =G32 -> 24800 | Q32: =G32 -> 24800 | R32: =Q32 -> 24800 | S32: =R32 -> 24800 | U32: =P32 -> 24800 | V32: =ROUND(U32*19%,2) -> 4712 | W32: =ROUND(V32+U32,2) -> 29512 | X32: =ROUND(W32*D32,2) -> 5341672
B33: =B32+1 -> 8 | C33: Jarra plástica para jugos | D33: 181 | E33: UNIDAD | G33: 27900 | K33: 135000 | P33: =G33 -> 27900 | Q33: =G33 -> 27900 | R33: =Q33 -> 27900 | S33: =R33 -> 27900 | U33: =P33 -> 27900 | V33: =ROUND(U33*19%,2) -> 5301 | W33: =ROUND(V33+U33,2) -> 33201 | X33: =ROUND(W33*D33,2) -> 6009381
B34: =B33+1 -> 9 | C34: Juego de (5) Tarros plásticos para almacenar alimentos | D34: 181 | E34: JUEGO | G34: 58280 | K34: 174000 | P34: =G34 -> 58280 | Q34: =G34 -> 58280 | R34: =Q34 -> 58280 | S34: =R34 -> 58280 | U34: =P34 -> 58280 | V34: =ROUND(U34*19%,2) -> 11073.2 | W34: =ROUND(V34+U34,2) -> 69353.2 | X34: =ROUND(W34*D34,2) -> 12552929
B35: =B34+1 -> 10 | C35: Juego de cubiertos de cuatro (4) puestos mínimo 12 piezas | D35: 181 | E35: JUEGO | G35: 62000 | K35: 195000 | P35: =G35 -> 62000 | Q35: =G35 -> 62000 | R35: =Q35 -> 62000 | S35: =R35 -> 62000 | U35: =P35 -> 62000 | V35: =ROUND(U35*19%,2) -> 11780 | W35: =ROUND(V35+U35,2) -> 73780 | X35: =ROUND(W35*D35,2) -> 13354180
B36: =B35+1 -> 11 | C36: Juego de utensilios de cocina | D36: 181 | E36: JUEGO | G36: 74400 | K36: 360000 | P36: =G36 -> 74400 | Q36: =G36 -> 74400 | R36: =Q36 -> 74400 | S36: =R36 -> 74400 | U36: =P36 -> 74400 | V36: =ROUND(U36*19%,2) -> 14136 | W36: =ROUND(V36+U36,2) -> 88536 | X36: =ROUND(W36*D36,2) -> 16025016
B37: =B36+1 -> 12 | C37: Kit de aseo (Escoba, trapero y recogedor de basura) | D37: 181 | E37: JUEGO | G37: 52080 | K37: 240000 | P37: =G37 -> 52080 | Q37: =G37 -> 52080 | R37: =Q37 -> 52080 | S37: =R37 -> 52080 | U37: =P37 -> 52080 | V37: =ROUND(U37*19%,2) -> 9895.2 | W37: =ROUND(V37+U37,2) -> 61975.2 | X37: =ROUND(W37*D37,2) -> 11217511
B38: =B37+1 -> 13 | C38: Olla a presión para uso domestico | D38: 150 | E38: ='[1]ANEXO 1.'!E51 -> UNIDAD | G38: 124000 | K38: 480000 | P38: =G38 -> 124000 | Q38: =G38 -> 124000 | R38: =Q38 -> 124000 | S38: =R38 -> 124000 | U38: =P38 -> 124000 | V38: =ROUND(U38*19%,2) -> 23560 | W38: =ROUND(V38+U38,2) -> 147560 | X38: =ROUND(W38*D38,2) -> 22134000
B39: =B38+1 -> 14 | C39: Molinillo espumoso | D39: 181 | E39: ='[1]ANEXO 1.'!E52 -> UNIDAD | G39: 6200 | K39: 30000 | P39: =G39 -> 6200 | Q39: =G39 -> 6200 | R39: =Q39 -> 6200 | S39: =R39 -> 6200 | U39: =P39 -> 6200 | V39: =ROUND(U39*19%,2) -> 1178 | W39: =ROUND(V39+U39,2) -> 7378 | X39: =ROUND(W39*D39,2) -> 1335418
B40: =B39+1 -> 15 | C40: Olleta chocolatera | D40: 181 | E40: UNIDAD | G40: 31000 | K40: 165000 | P40: =G40 -> 31000 | Q40: =G40 -> 31000 | R40: =Q40 -> 31000 | S40: =R40 -> 31000 | U40: =P40 -> 31000 | V40: =ROUND(U40*19%,2) -> 5890 | W40: =ROUND(V40+U40,2) -> 36890 | X40: =ROUND(W40*D40,2) -> 6677090
B41: =B40+1 -> 16 | C41: Papelera de baño | D41: 155 | E41: UNIDAD | G41: 14880 | K41: 120000 | P41: =G41 -> 14880 | Q41: =G41 -> 14880 | R41: =Q41 -> 14880 | S41: =R41 -> 14880 | U41: =P41 -> 14880 | V41: =ROUND(U41*19%,2) -> 2827.2 | W41: =ROUND(V41+U41,2) -> 17707.2 | X41: =ROUND(W41*D41,2) -> 2744616
B42: =B41+1 -> 17 | C42: Vajilla Melamina * 4 puestos. | D42: 181 | E42: JUEGO | G42: 117800 | K42: 1260000 | P42: =G42 -> 117800 | Q42: =G42 -> 117800 | R42: =Q42 -> 117800 | S42: =R42 -> 117800 | U42: =P42 -> 117800 | V42: =ROUND(U42*19%,2) -> 22382 | W42: =ROUND(V42+U42,2) -> 140182 | X42: =ROUND(W42*D42,2) -> 25372942
B43: 18 | C43: Vasos de vidrio | D43: 749 | E43: UNIDAD | G43: 5580 | K43: 15000 | P43: =ROUND(MIN(G43),2) -> 5580 | Q43: =ROUND(AVERAGE(G43),2) -> 5580 | R43: =ROUND(MAX(G43),2) -> 5580 | S43: =+ROUND(AVERAGE(P43,Q43),2) -> 5580 | U43: =P43 -> 5580 | V43: =ROUND(U43*19%,2) -> 1060.2 | W43: =ROUND(V43+U43,2) -> 6640.2 | X43: =ROUND(W43*D43,2) -> 4973509.8
B44: TOTAL GRUPO 3 | G44: =SUM(G26:G43) -> 1161260 | K44: =SUM(K26:K43) -> 5966700 | M44: =SUM(M26:M43) -> 0 | O44: =SUM(O26:O43) -> 0 | U44: TOTAL GRUPO 3 | X44: =SUM(X26:X43) -> 2.8920825e+08
C45: GRUPO 4
B46: =B45+1 -> 1 | C46: Almohada | D46: 450 | E46: UNIDAD | G46: 31000 | K46: 240000 | P46: =G46 -> 31000 | Q46: =G46 -> 31000 | R46: =Q46 -> 31000 | S46: =R46 -> 31000 | U46: =P46 -> 31000 | V46: =ROUND(U46*19%,2) -> 5890 | W46: =ROUND(V46+U46,2) -> 36890 | X46: =ROUND(W46*D46,2) -> 16600500
B47: =B46+1 -> 2 | C47: Cobijas para cama doble | D47: 200 | E47: UNIDAD | G47: 55800 | K47: 225000 | P47: =G47 -> 55800 | Q47: =G47 -> 55800 | R47: =Q47 -> 55800 | S47: =R47 -> 55800 | U47: =P47 -> 55800 | V47: =ROUND(U47*19%,2) -> 10602 | W47: =ROUND(V47+U47,2) -> 66402 | X47: =ROUND(W47*D47,2) -> 13280400
B48: =B47+1 -> 3 | C48: Cobijas para cama sencilla | D48: 300 | E48: UNIDAD | G48: 49600 | K48: 180000 | P48: =G48 -> 49600 | Q48: =G48 -> 49600 | R48: =Q48 -> 49600 | S48: =R48 -> 49600 | U48: =P48 -> 49600 | V48: =ROUND(U48*19%,2) -> 9424 | W48: =ROUND(V48+U48,2) -> 59024 | X48: =ROUND(W48*D48,2) -> 17707200
B49: =B48+1 -> 4 | C49: Edredón para cama doble | D49: 400 | E49: UNIDAD | G49: 124000 | K49: 800000 | P49: =G49 -> 124000 | Q49: =G49 -> 124000 | R49: =Q49 -> 124000 | S49: =R49 -> 124000 | U49: =P49 -> 124000 | V49: =ROUND(U49*19%,2) -> 23560 | W49: =ROUND(V49+U49,2) -> 147560 | X49: =ROUND(W49*D49,2) -> 59024000
B50: =B49+1 -> 5 | C50: Edredón para cama sencilla | D50: 500 | E50: UNIDAD | G50: 161200 | K50: 750000 | P50: =G50 -> 161200 | Q50: =G50 -> 161200 | R50: =Q50 -> 161200 | S50: =R50 -> 161200 | U50: =P50 -> 161200 | V50: =ROUND(U50*19%,2) -> 30628 | W50: =ROUND(V50+U50,2) -> 191828 | X50: =ROUND(W50*D50,2) -> 95914000
B51: =B50+1 -> 6 | C51: Juego de sábanas doble | D51: 450 | E51: JUEGO | G51: 86800 | K51: 585000 | P51: =G51 -> 86800 | Q51: =G51 -> 86800 | R51: =Q51 -> 86800 | S51: =R51 -> 86800 | U51: =P51 -> 86800 | V51: =ROUND(U51*19%,2) -> 16492 | W51: =ROUND(V51+U51,2) -> 103292 | X51: =ROUND(W51*D51,2) -> 46481400
B52: =B51+1 -> 7 | C52: Juego de sábanas sencillo | D52: 550 | E52: JUEGO | G52: 62000 | K52: 480000 | P52: =G52 -> 62000 | Q52: =G52 -> 62000 | R52: =Q52 -> 62000 | S52: =R52 -> 62000 | U52: =P52 -> 62000 | V52: =ROUND(U52*19%,2) -> 11780 | W52: =ROUND(V52+U52,2) -> 73780 | X52: =ROUND(W52*D52,2) -> 40579000
B53: =B52+1 -> 8 | C53: Protector para cama doble | D53: 24 | E53: UNIDAD | G53: 86800 | K53: 460000 | P53: =G53 -> 86800 | Q53: =G53 -> 86800 | R53: =Q53 -> 86800 | S53: =R53 -> 86800 | U53: =P53 -> 86800 | V53: =ROUND(U53*19%,2) -> 16492 | W53: =ROUND(V53+U53,2) -> 103292 | X53: =ROUND(W53*D53,2) -> 2479008
B54: 9 | C54: Protector para cama sencillo | D54: 24 | E54: UNIDAD | G54: 74400 | K54: 270000 | P54: =G54 -> 74400 | Q54: =G54 -> 74400 | R54: =Q54 -> 74400 | S54: =R54 -> 74400 | U54: =P54 -> 74400 | V54: =ROUND(U54*19%,2) -> 14136 | W54: =ROUND(V54+U54,2) -> 88536 | X54: =ROUND(W54*D54,2) -> 2124864
B55: 10 | C55: Toalla hotelera torno cuerpo | D55: 1100 | E55: UNIDAD | G55: 111600 | K55: 420000 | M55: 59461 | P55: =M55 -> 59461 | Q55: =M55 -> 59461 | R55: =Q55 -> 59461 | S55: =R55 -> 59461 | U55: =P55 -> 59461 | V55: =ROUND(U55*19%,2) -> 11297.59 | W55: =ROUND(V55+U55,2) -> 70758.59 | X55: =ROUND(W55*D55,2) -> 77834449
C56: TOTAL GRUPO 4 | G56: =SUM(G46:G55) -> 843200 | K56: =SUM(K46:K55) -> 4410000 | M56: =SUM(M46:M55) -> 59461 | O56: =SUM(O46:O55) -> 0 | U56: TOTAL GRUPO 4 | X56: =SUM(X46:X55) -> 372024821
C57: GRUPO 5
B58: =B57+1 -> 1 | C58: Colchón doble ortopédico tipo hotelero, doble a dos caras. | D58: 156 | E58: UNIDAD | G58: 1178000 | O58: 663866 | P58: =ROUND(MIN(G58,O58),2) -> 663866 | Q58: =ROUND(AVERAGE(G58,O58),2) -> 920933 | R58: =ROUND(MAX(G58,O58),2) -> 1178000 | S58: =+ROUND(AVERAGE(P58,Q58),2) -> 792399.5 | U58: =S58 -> 792399.5 | V58: =ROUND(U58*19%,2) -> 150555.91 | W58: =ROUND(V58+U58,2) -> 942955.41 | X58: =ROUND(W58*D58,2) -> 1.4710104e+08
B59: =B58+1 -> 2 | C59: Colchón sencillo ortopédico tipo hotelero, doble a dos caras. | D59: 400 | E59: UNIDAD | G59: 806000 | O59: 521008 | P59: =ROUND(MIN(G59,O59),2) -> 521008 | Q59: =ROUND(AVERAGE(G59,O59),2) -> 663504 | R59: =ROUND(MAX(G59,O59),2) -> 806000 | S59: =+ROUND(AVERAGE(P59,Q59),2) -> 592256 | U59: =S59 -> 592256 | V59: =ROUND(U59*19%,2) -> 112528.64 | W59: =ROUND(V59+U59,2) -> 704784.64 | X59: =ROUND(W59*D59,2) -> 281913856
C60: TOTAL GRUPO 5 | G60: =SUM(G58:G59) -> 1984000 | K60: =SUM(K58:K59) -> 0 | M60: =SUM(M58:M59) -> 0 | O60: =SUM(O58:O59) -> 1184874 | V60: TOTAL GRUPO 5 | X60: =SUM(X58:X59) -> 4.290149e+08
B61: TOTAL GRUPO 1 , 2 , 3 , 4 Y 5 | G61: =SUM(G16+G23+G44+G56+G60) -> 20021660 | K61: =SUM(K16+K23+K44+K56+K60) -> 58826700 | M61: =SUM(M16+M23+M44+M56+M60) -> 8956111 | O61: =SUM(O16+O23+O44+O56+O60) -> 1184874 | U61: TOTAL GRUPO 1 . 2 , 3 , 4 Y 5 | X61: =SUM(X16+X23+X44+X56+X60) -> 2.3253924e+09
B63: NOTAS:
B64: 1) Se realizó el estudio con tres cotizaciones las cuales cumplem con lo solicitado por la Entidad
B65: 2) Para establecer el valor del mercado ítem x ítem del GRUPO 1 , GRUPO 2 ,GRUPO 3, GRUPO 4 y GRUPO 5 . Se aplica formula promedio y media aritmetica baja. Y los valores de referencia .
B66: 3) En el presente análisis se aplicó el procedimiento de aproximación generalmente aceptado por las reglas matemáticas denominado redondeo a dos decimales, esto es, si el tercer decimal es menor que 5, el segundo decimal se mantiene; si el tercer decimal es igual o mayor que 5, el segundo decimal se incrementa en uno. 4) NO se tienen en cuenta valores atipicos al mercado.
B67: Fecha de elaboración: 12/05/2026
B68: Mod No 1: 21/05/2026
B69: Estudio del sector : 284
B70: Mod No 2: 03/06/2026

Sheet ANEXO 2 - HISTORIC
B2: ANEXO 2 -COSTOS HISTORICOS
B3: ADQUISICIÓN DE ELEMENTOS PARA LA DOTACIÓN DE SEDES DEL PROGRAMA DE PROTECCIÓN Y ASISTENCIA DE LA FISCALIA GENERAL DE LA NACIÓN
B4: NECESIDAD | E4: FGN-NC-IPSE-0007-2025 | G4: 45870 | H4: 46113 | J4: ANALISIS DE COSTOS HISTORICOS
B5: GRUPO 1 | E5: VALOR UNITARIO SIN IVA | G5: 1.5099 | H5: 1.5817 | J5: VALOR UNITARIO SIN IVA | K5: IVA UNITARIO | L5: VALOR UNITARIO INCLUIDO IVA
B6: ÍTEM | C6: DESCRIPCIÓN DEL BIEN ( Según especificaciones técnicas)
B7: 1 | C7: Lavadora automática carga superior 13Kg | E7: 975720.91 | G7: =ROUND($H$5/$G$5*E7,2) -> 1022119.2 | J7: =ROUND(G7,2) -> 1022119.2 | K7: =ROUND(J7*19%,2) -> 194202.65 | L7: =ROUND(K7+J7,2) -> 1216321.8
B8: 2 | C8: Lavadora automática carga superior 19 Kg
B9: 3 | C9: Licuadora de Mesa | E9: 112365.6 | G9: =ROUND($H$5/$G$5*E9,2) -> 117708.9 | J9: =ROUND(G9,2) -> 117708.9 | K9: =ROUND(J9*19%,2) -> 22364.69 | L9: =ROUND(K9+J9,2) -> 140073.59
B10: 4 | C10: Nevera No Frost 290 Lts | E10: 1122847 | G10: =ROUND($H$5/$G$5*E10,2) -> 1176241.5 | J10: =ROUND(G10,2) -> 1176241.5 | K10: =ROUND(J10*19%,2) -> 223485.89 | L10: =ROUND(K10+J10,2) -> 1399727.4
B11: 5 | C11: Nevera No Frost 394 Lts
B12: 6 | C12: Televisor Smart 32 pulgadas | E12: 552935.49 | G12: =ROUND($H$5/$G$5*E12,2) -> 579229.13 | J12: =ROUND(G12,2) -> 579229.13 | K12: =ROUND(J12*19%,2) -> 110053.53 | L12: =ROUND(K12+J12,2) -> 689282.66
B13: 7 | C13: Ventilador 3 en 1
B14: GRUPO 2
B16: =B15+1 -> 1 | C16: Base cama doble | E16: 142732.69 | G16: =ROUND($H$5/$G$5*E16,2) -> 149520.03 | J16: =ROUND(G16,2) -> 149520.03 | K16: =ROUND(J16*19%,2) -> 28408.81 | L16: =ROUND(K16+J16,2) -> 177928.84
B17: =B16+1 -> 2 | C17: Base cama sencilla | E17: 142084.31 | G17: =ROUND($H$5/$G$5*E17,2) -> 148840.82 | J17: =ROUND(G17,2) -> 148840.82 | K17: =ROUND(J17*19%,2) -> 28279.76 | L17: =ROUND(K17+J17,2) -> 177120.58
B18: 3 | C18: Combo comedor de cuatro (4) puestos Plástico | E18: 172519.26 | G18: =ROUND($H$5/$G$5*E18,2) -> 180723.04 | J18: =ROUND(G18,2) -> 180723.04 | K18: =ROUND(J18*19%,2) -> 34337.38 | L18: =ROUND(K18+J18,2) -> 215060.42
B19: 4 | C19: Sofás | E19: 567706.57 | G19: =ROUND($H$5/$G$5*E19,2) -> 594702.62 | J19: =ROUND(G19,2) -> 594702.62 | K19: =ROUND(J19*19%,2) -> 112993.5 | L19: =ROUND(K19+J19,2) -> 707696.12
B20: GRUPO 3
B22: 1 | C22: Balde | E22: 11429.97 | G22: =ROUND($H$5/$G$5*E22,2) -> 11973.5 | J22: =ROUND(G22,2) -> 11973.5 | K22: =ROUND(J22*19%,2) -> 2274.97 | L22: =ROUND(K22+J22,2) -> 14248.47
B23: 2 | C23: Batería de ollas de siete (7) piezas | E23: 86745.28 | G23: =ROUND($H$5/$G$5*E23,2) -> 90870.26 | J23: =ROUND(G23,2) -> 90870.26 | K23: =ROUND(J23*19%,2) -> 17265.35 | L23: =ROUND(K23+J23,2) -> 108135.61
B24: 3 | C24: Olla grande
B25: 4 | C25: Bombillo Led ahorrador, para iluminación interior | E25: 2993.56 | G25: =ROUND($H$5/$G$5*E25,2) -> 3135.91 | J25: =ROUND(G25,2) -> 3135.91 | K25: =ROUND(J25*19%,2) -> 595.82 | L25: =ROUND(K25+J25,2) -> 3731.73
B26: 5 | C26: Caneca para basura | E26: 20138.51 | G26: =ROUND($H$5/$G$5*E26,2) -> 21096.15 | J26: =ROUND(G26,2) -> 21096.15 | K26: =ROUND(J26*19%,2) -> 4008.27 | L26: =ROUND(K26+J26,2) -> 25104.42
B27: 6 | C27: Cortina Pesada | E27: 37283.46 | G27: =ROUND($H$5/$G$5*E27,2) -> 39056.39 | J27: =ROUND(G27,2) -> 39056.39 | K27: =ROUND(J27*19%,2) -> 7420.71 | L27: =ROUND(K27+J27,2) -> 46477.1
B28: 7 | C28: Cuchillo de cocina | E28: 7075.69 | G28: =ROUND($H$5/$G$5*E28,2) -> 7412.16 | J28: =ROUND(G28,2) -> 7412.16 | K28: =ROUND(J28*19%,2) -> 1408.31 | L28: =ROUND(K28+J28,2) -> 8820.47
B29: 8 | C29: Jarra plástica para jugos | E29: 7007.66 | G29: =ROUND($H$5/$G$5*E29,2) -> 7340.89 | J29: =ROUND(G29,2) -> 7340.89 | K29: =ROUND(J29*19%,2) -> 1394.77 | L29: =ROUND(K29+J29,2) -> 8735.66
B30: 9 | C30: Juego de (5) Tarros plásticos para almacenar alimentos | E30: 19730.3 | G30: =ROUND($H$5/$G$5*E30,2) -> 20668.53 | J30: =ROUND(G30,2) -> 20668.53 | K30: =ROUND(J30*19%,2) -> 3927.02 | L30: =ROUND(K30+J30,2) -> 24595.55
B31: 10 | C31: Juego de cubiertos de cuatro (4) puestos mínimo 12 piezas | E31: 30275.8 | G31: =ROUND($H$5/$G$5*E31,2) -> 31715.5 | J31: =ROUND(G31,2) -> 31715.5 | K31: =ROUND(J31*19%,2) -> 6025.95 | L31: =ROUND(K31+J31,2) -> 37741.45
B32: 11 | C32: Juego de utensilios de cocina | E32: 17485.12 | G32: =ROUND($H$5/$G$5*E32,2) -> 18316.59 | J32: =ROUND(G32,2) -> 18316.59 | K32: =ROUND(J32*19%,2) -> 3480.15 | L32: =ROUND(K32+J32,2) -> 21796.74
B33: 12 | C33: Kit de aseo (Escoba, trapero y recogedor de basura) | E33: 25717.39 | G33: =ROUND($H$5/$G$5*E33,2) -> 26940.32 | J33: =ROUND(G33,2) -> 26940.32 | K33: =ROUND(J33*19%,2) -> 5118.66 | L33: =ROUND(K33+J33,2) -> 32058.98
B34: 13 | C34: Olla a presión para uso domestico | E34: 58986.85 | G34: =ROUND($H$5/$G$5*E34,2) -> 61791.84 | J34: =ROUND(G34,2) -> 61791.84 | K34: =ROUND(J34*19%,2) -> 11740.45 | L34: =ROUND(K34+J34,2) -> 73532.29
B35: 14 | C35: Molinillo espumoso | E35: 2993.58 | G35: =ROUND($H$5/$G$5*E35,2) -> 3135.93 | J35: =ROUND(G35,2) -> 3135.93 | K35: =ROUND(J35*19%,2) -> 595.83 | L35: =ROUND(K35+J35,2) -> 3731.76
B36: 15 | C36: Olleta chocolatera | E36: 19390.22 | G36: =ROUND($H$5/$G$5*E36,2) -> 20312.28 | J36: =ROUND(G36,2) -> 20312.28 | K36: =ROUND(J36*19%,2) -> 3859.33 | L36: =ROUND(K36+J36,2) -> 24171.61
... B39: 18 | C39: Vasos de vidrio | E39: 2789.45 | G39: =ROUND($H$5/$G$5*E39,2) -> 2922.1 | J39: =ROUND(G39,2) -> 2922.1 | K39: =ROUND(J39*19%,2) -> 555.2 | L39: =ROUND(K39+J39,2) -> 3477.3
B40: GRUPO 4
B42: =B41+1 -> 1 | C42: Almohada | E42: 8193.72 | G42: =ROUND($H$5/$G$5*E42,2) -> 8583.35 | J42: =ROUND(G42,2) -> 8583.35 | K42: =ROUND(J42*19%,2) -> 1630.84 | L42: =ROUND(K42+J42,2) -> 10214.19
B43: =B42+1 -> 2 | C43: Cobijas para cama doble | E43: 22240.1 | G43: =ROUND($H$5/$G$5*E43,2) -> 23297.68 | J43: =ROUND(G43,2) -> 23297.68 | K43: =ROUND(J43*19%,2) -> 4426.56 | L43: =ROUND(K43+J43,2) -> 27724.24
B44: =B43+1 -> 3 | C44: Cobijas para cama sencilla | E44: 18143.25 | G44: =ROUND($H$5/$G$5*E44,2) -> 19006.01 | J44: =ROUND(G44,2) -> 19006.01 | K44: =ROUND(J44*19%,2) -> 3611.14 | L44: =ROUND(K44+J44,2) -> 22617.15
B45: =B44+1 -> 4 | C45: Edredón para cama doble | E45: 40968.6 | G45: =ROUND($H$5/$G$5*E45,2) -> 42916.77 | J45: =ROUND(G45,2) -> 42916.77 | K45: =ROUND(J45*19%,2) -> 8154.19 | L45: =ROUND(K45+J45,2) -> 51070.96
B46: =B45+1 -> 5 | C46: Edredón para cama sencilla | E46: 38627.55 | G46: =ROUND($H$5/$G$5*E46,2) -> 40464.4 | J46: =ROUND(G46,2) -> 40464.4 | K46: =ROUND(J46*19%,2) -> 7688.24 | L46: =ROUND(K46+J46,2) -> 48152.64
B47: =B46+1 -> 6 | C47: Juego de sábanas doble | E47: 27507.47 | G47: =ROUND($H$5/$G$5*E47,2) -> 28815.53 | J47: =ROUND(G47,2) -> 28815.53 | K47: =ROUND(J47*19%,2) -> 5474.95 | L47: =ROUND(K47+J47,2) -> 34290.48
B48: =B47+1 -> 7 | C48: Juego de sábanas sencillo | E48: 26336.97 | G48: =ROUND($H$5/$G$5*E48,2) -> 27589.37 | J48: =ROUND(G48,2) -> 27589.37 | K48: =ROUND(J48*19%,2) -> 5241.98 | L48: =ROUND(K48+J48,2) -> 32831.35
B49: =B48+1 -> 8 | C49: Protector para cama doble | E49: 23410.95 | G49: =ROUND($H$5/$G$5*E49,2) -> 24524.21 | J49: =ROUND(G49,2) -> 24524.21 | K49: =ROUND(J49*19%,2) -> 4659.6 | L49: =ROUND(K49+J49,2) -> 29183.81
B50: 9 | C50: Protector para cama sencillo | E50: 20484.57 | G50: =ROUND($H$5/$G$5*E50,2) -> 21458.67 | J50: =ROUND(G50,2) -> 21458.67 | K50: =ROUND(J50*19%,2) -> 4077.15 | L50: =ROUND(K50+J50,2) -> 25535.82
B51: 10 | C51: Toalla hotelera torno cuerpo | E51: 18143.24 | G51: =ROUND($H$5/$G$5*E51,2) -> 19006 | J51: =ROUND(G51,2) -> 19006 | K51: =ROUND(J51*19%,2) -> 3611.14 | L51: =ROUND(K51+J51,2) -> 22617.14
B52: GRUPO 5
B54: =B53+1 -> 1 | C54: Colchón doble ortopédico tipo hotelero, doble a dos caras. | E54: 304757.02 | G54: =ROUND($H$5/$G$5*E54,2) -> 319249.08 | J54: =ROUND(G54,2) -> 319249.08 | K54: =ROUND(J54*19%,2) -> 60657.33 | L54: =ROUND(K54+J54,2) -> 379906.41
B55: =B54+1 -> 2 | C55: Colchón sencillo ortopédico tipo hotelero, doble a dos caras. | E55: 355550.25 | G55: =ROUND($H$5/$G$5*E55,2) -> 372457.67 | J55: =ROUND(G55,2) -> 372457.67 | K55: =ROUND(J55*19%,2) -> 70766.96 | L55: =ROUND(K55+J55,2) -> 443224.63
C58: 1) Se adelantó análisis de costos históricos del proceso FGN-NC-IPSE-0007-2025 , se procedió a la indexación de los valores unitarios de los ítems que cumplen con las características técnicas solicitadas. 2) El índice refleja la evolución promedio de los precios de todos los artículos, es decir, se refiere a un promedio tomado sobre la base de todos los productos ofrecidos en el mercado. 3) Para traer a valor presente los precios unitarios, se toma el índice de serie de empalme del mes vigente dividido por el índice de serie de empalme del mes y año en que fue efectuada la compra (DANE). Este resultado se multiplica por el precio de esta. 4) En el presente análisis se aplicó el procedimiento de aproximación generalmente aceptado por las reglas matemáticas denominado redondeo a dos decimales, esto es, si el tercer decimal es menor que 5, el segundo decimal se mantiene; si el tercer decimal es igual o mayor que 5, el segundo decimal se incrementa en uno.
C60: Fecha de elaboración: 12/05/2026
C61: Mod No 1: 21/05/2026
C62: Estudio del sector : 284
C63: Mod No 2: 03/06/2026

Sheet ANEXO3.
B2: ANEXO 3 - ANALISIS DE COTIZACIONES- HISTORICOS
D3: ADQUISICIÓN DE ELEMENTOS PARA LA DOTACIÓN DE SEDES DEL PROGRAMA DE PROTECCIÓN Y ASISTENCIA DE LA FISCALIA GENERAL DE LA NACIÓN
B4: NECESIDAD | G4: ANALISIS DE COTIZACIONES 2026 | L4: ANALISIS DE HISTORICOS | Q4: PRESUPUESTO TOTAL ASIGNADO 2026
B6: GRUPO 1 | G6: VALOR UNITARIO SIN IVA | H6: IVA UNITARIO | I6: VALOR UNITARIO INCLUIDO IVA | J6: VALOR TOTAL INCLUIDO IVA | L6: VALOR UNITARIO SIN IVA | M6: IVA UNITARIO | N6: VALOR UNITARIO INCLUIDO IVA | O6: VALOR TOTAL INCLUIDO IVA | Q6: VALOR UNITARIO SIN IVA | R6: IVA UNITARIO | S6: VALOR UNITARIO INCLUIDO IVA | T6: VALOR TOTAL INCLUIDO IVA
B7: ÍTEM | C7: DESCRIPCIÓN DEL BIEN ( Según especificaciones técnicas) | D7: CANTIDAD | E7: UNIDAD DE MEDIDA
B8: 1 | C8: Lavadora automática carga superior 13Kg | D8: 70 | E8: UNIDAD | G8: ='ANEXO 1 - COTIZACION'!U9 -> 1903525 | H8: =ROUND(G8*19%,2) -> 361669.75 | I8: =ROUND(H8+G8,2) -> 2265194.8 | J8: =ROUND(I8*D8,2) -> 1.5856363e+08 | L8: ='ANEXO 2 - HISTORIC'!J7 -> 1022119.2 | M8: =ROUND(L8*19%,2) -> 194202.65 | N8: =ROUND(M8+L8,2) -> 1216321.8 | O8: =ROUND(N8*D8,2) -> 85142529 | Q8: =ROUND(AVERAGE(AVERAGE(G8,L8),L8),2) -> 1242470.6 | R8: =ROUND(Q8*19%,2) -> 236069.42 | S8: =ROUND(R8+Q8,2) -> 1478540.1 | T8: =ROUND(S8*D8,2) -> 1.034978e+08
B9: 2 | C9: Lavadora automática carga superior 19 Kg | D9: 21 | E9: UNIDAD | G9: ='ANEXO 1 - COTIZACION'!U10 -> 2214525 | H9: =ROUND(G9*19%,2) -> 420759.75 | I9: =ROUND(H9+G9,2) -> 2635284.8 | J9: =ROUND(I9*D9,2) -> 55340980 | L9: ='ANEXO 2 - HISTORIC'!J8 -> 0 | M9: =ROUND(L9*19%,2) -> 0 | N9: =ROUND(M9+L9,2) -> 0 | O9: =ROUND(N9*D9,2) -> 0 | Q9: =G9 -> 2214525 | R9: =ROUND(Q9*19%,2) -> 420759.75 | S9: =ROUND(R9+Q9,2) -> 2635284.8 | T9: =ROUND(S9*D9,2) -> 55340980
B10: 3 | C10: Licuadora de Mesa | D10: 114 | E10: UNIDAD | G10: ='ANEXO 1 - COTIZACION'!U11 -> 163025 | H10: =ROUND(G10*19%,2) -> 30974.75 | I10: =ROUND(H10+G10,2) -> 193999.75 | J10: =ROUND(I10*D10,2) -> 22115972 | L10: ='ANEXO 2 - HISTORIC'!J9 -> 117708.9 | M10: =ROUND(L10*19%,2) -> 22364.69 | N10: =ROUND(M10+L10,2) -> 140073.59 | O10: =ROUND(N10*D10,2) -> 15968389 | Q10: =ROUND(AVERAGE(G10,L10),2) -> 140366.95 | R10: =ROUND(Q10*19%,2) -> 26669.72 | S10: =ROUND(R10+Q10,2) -> 167036.67 | T10: =ROUND(S10*D10,2) -> 19042180
B11: 4 | C11: Nevera No Frost 290 Lts | D11: 93 | E11: UNIDAD | G11: ='ANEXO 1 - COTIZACION'!U12 -> 2044825 | H11: =ROUND(G11*19%,2) -> 388516.75 | I11: =ROUND(H11+G11,2) -> 2433341.8 | J11: =ROUND(I11*D11,2) -> 2.2630078e+08 | L11: ='ANEXO 2 - HISTORIC'!J10 -> 1176241.5 | M11: =ROUND(L11*19%,2) -> 223485.89 | N11: =ROUND(M11+L11,2) -> 1399727.4 | O11: =ROUND(N11*D11,2) -> 1.3017465e+08 | Q11: =ROUND(AVERAGE(AVERAGE(G11,L11),L11),2) -> 1393387.4 | R11: =ROUND(Q11*19%,2) -> 264743.61 | S11: =ROUND(R11+Q11,2) -> 1658131 | T11: =ROUND(S11*D11,2) -> 1.5420618e+08
B12: 5 | C12: Nevera No Frost 394 Lts | D12: 22 | E12: UNIDAD | G12: ='ANEXO 1 - COTIZACION'!U13 -> 2364787.5 | H12: =ROUND(G12*19%,2) -> 449309.63 | I12: =ROUND(H12+G12,2) -> 2814097.1 | J12: =ROUND(I12*D12,2) -> 61910137 | L12: ='ANEXO 2 - HISTORIC'!J11 -> 0 | M12: =ROUND(L12*19%,2) -> 0 | N12: =ROUND(M12+L12,2) -> 0 | O12: =ROUND(N12*D12,2) -> 0 | Q12: =G12 -> 2364787.5 | R12: =ROUND(Q12*19%,2) -> 449309.63 | S12: =ROUND(R12+Q12,2) -> 2814097.1 | T12: =ROUND(S12*D12,2) -> 61910137
B13: 6 | C13: Televisor Smart 32 pulgadas | D13: 120 | E13: UNIDAD | G13: ='ANEXO 1 - COTIZACION'!U14 -> 868266.67 | H13: =ROUND(G13*19%,2) -> 164970.67 | I13: =ROUND(H13+G13,2) -> 1033237.3 | J13: =ROUND(I13*D13,2) -> 1.2398848e+08 | L13: ='ANEXO 2 - HISTORIC'!J12 -> 579229.13 | M13: =ROUND(L13*19%,2) -> 110053.53 | N13: =ROUND(M13+L13,2) -> 689282.66 | O13: =ROUND(N13*D13,2) -> 82713919 | Q13: =ROUND(AVERAGE(G13,L13),2) -> 723747.9 | R13: =ROUND(Q13*19%,2) -> 137512.1 | S13: =ROUND(R13+Q13,2) -> 861260 | T13: =ROUND(S13*D13,2) -> 103351200
B14: 7 | C14: Ventilador 3 en 1 | D14: 174 | E14: UNIDAD | G14: ='ANEXO 1 - COTIZACION'!U15 -> 261025 | H14: =ROUND(G14*19%,2) -> 49594.75 | I14: =ROUND(H14+G14,2) -> 310619.75 | J14: =ROUND(I14*D14,2) -> 54047836 | L14: ='ANEXO 2 - HISTORIC'!J13 -> 0 | M14: =ROUND(L14*19%,2) -> 0 | N14: =ROUND(M14+L14,2) -> 0 | O14: =ROUND(N14*D14,2) -> 0 | Q14: =G14 -> 261025 | R14: =ROUND(Q14*19%,2) -> 49594.75 | S14: =ROUND(R14+Q14,2) -> 310619.75 | T14: =ROUND(S14*D14,2) -> 54047836
B15: TOTAL GRUPO 1 | G15: TOTAL GRUPO 1 | J15: =SUM(J8:J14) -> 7.0226782e+08 | L15: TOTAL GRUPO 1 | O15: =SUM(O8:O14) -> 3.1399949e+08 | Q15: TOTAL GRUPO 1 | T15: =SUM(T8:T14) -> 5.5139632e+08
B16: GRUPO 2
B18: =B17+1 -> 1 | C18: Base cama doble | D18: 120 | E18: UNIDAD | G18: ='ANEXO 1 - COTIZACION'!U19 -> 551000 | H18: =ROUND(G18*19%,2) -> 104690 | I18: =ROUND(H18+G18,2) -> 655690 | J18: =ROUND(I18*D18,2) -> 78682800 | L18: ='ANEXO 2 - HISTORIC'!J16 -> 149520.03 | M18: =ROUND(L18*19%,2) -> 28408.81 | N18: =ROUND(M18+L18,2) -> 177928.84 | O18: =ROUND(N18*D18,2) -> 21351461 | Q18: =ROUND(AVERAGE(AVERAGE(G18,L18),L18),2) -> 249890.02 | R18: =ROUND(Q18*19%,2) -> 47479.1 | S18: =ROUND(R18+Q18,2) -> 297369.12 | T18: =ROUND(S18*D18,2) -> 35684294
B19: =B18+1 -> 2 | C19: Base cama sencilla | D19: 230 | E19: UNIDAD | G19: ='ANEXO 1 - COTIZACION'!U20 -> 459000 | H19: =ROUND(G19*19%,2) -> 87210 | I19: =ROUND(H19+G19,2) -> 546210 | J19: =ROUND(I19*D19,2) -> 125628300 | L19: ='ANEXO 2 - HISTORIC'!J17 -> 148840.82 | M19: =ROUND(L19*19%,2) -> 28279.76 | N19: =ROUND(M19+L19,2) -> 177120.58 | O19: =ROUND(N19*D19,2) -> 40737733 | Q19: =ROUND(AVERAGE(AVERAGE(G19,L19),L19),2) -> 226380.62 | R19: =ROUND(Q19*19%,2) -> 43012.32 | S19: =ROUND(R19+Q19,2) -> 269392.94 | T19: =ROUND(S19*D19,2) -> 61960376
B20: 3 | C20: Combo comedor de cuatro (4) puestos Plástico | D20: 130 | E20: JUEGO | G20: ='ANEXO 1 - COTIZACION'!U21 -> 378350 | H20: =ROUND(G20*19%,2) -> 71886.5 | I20: =ROUND(H20+G20,2) -> 450236.5 | J20: =ROUND(I20*D20,2) -> 58530745 | L20: ='ANEXO 2 - HISTORIC'!J18 -> 180723.04 | M20: =ROUND(L20*19%,2) -> 34337.38 | N20: =ROUND(M20+L20,2) -> 215060.42 | O20: =ROUND(N20*D20,2) -> 27957855 | Q20: =ROUND(AVERAGE(AVERAGE(G20,L20),L20),2) -> 230129.78 | R20: =ROUND(Q20*19%,2) -> 43724.66 | S20: =ROUND(R20+Q20,2) -> 273854.44 | T20: =ROUND(S20*D20,2) -> 35601077
B21: 4 | C21: Sofás | D21: 122 | E21: UNIDAD | G21: ='ANEXO 1 - COTIZACION'!U22 -> 1860000 | H21: =ROUND(G21*19%,2) -> 353400 | I21: =ROUND(H21+G21,2) -> 2213400 | J21: =ROUND(I21*D21,2) -> 270034800 | L21: ='ANEXO 2 - HISTORIC'!J19 -> 594702.62 | M21: =ROUND(L21*19%,2) -> 112993.5 | N21: =ROUND(M21+L21,2) -> 707696.12 | O21: =ROUND(N21*D21,2) -> 86338927 | Q21: =ROUND(AVERAGE(AVERAGE(G21,L21),L21),2) -> 911026.97 | R21: =ROUND(Q21*19%,2) -> 173095.12 | S21: =ROUND(R21+Q21,2) -> 1084122.1 | T21: =ROUND(S21*D21,2) -> 1.3226289e+08
B22: TOTAL GRUPO 2 | G22: TOTAL GRUPO 2 | J22: =SUM(J18:J21) -> 532876645 | L22: TOTAL GRUPO 2 | O22: =SUM(O18:O21) -> 1.7638598e+08 | Q22: TOTAL GRUPO 2 | T22: =SUM(T18:T21) -> 2.6550864e+08
B23: GRUPO 3
B25: =B24+1 -> 1 | C25: Balde | D25: 181 | E25: UNIDAD | G25: ='ANEXO 1 - COTIZACION'!U26 -> 21660 | H25: =ROUND(G25*19%,2) -> 4115.4 | I25: =ROUND(H25+G25,2) -> 25775.4 | J25: =ROUND(I25*D25,2) -> 4665347.4 | L25: ='ANEXO 2 - HISTORIC'!J22 -> 11973.5 | M25: =ROUND(L25*19%,2) -> 2274.97 | N25: =ROUND(M25+L25,2) -> 14248.47 | O25: =ROUND(N25*D25,2) -> 2578973.1 | Q25: =ROUND(AVERAGE(G25,L25),2) -> 16816.75 | R25: =ROUND(Q25*19%,2) -> 3195.18 | S25: =ROUND(R25+Q25,2) -> 20011.93 | T25: =ROUND(S25*D25,2) -> 3622159.3
B26: =B25+1 -> 2 | C26: Batería de ollas de siete (7) piezas | D26: 181 | E26: JUEGO | G26: ='ANEXO 1 - COTIZACION'!U27 -> 279000 | H26: =ROUND(G26*19%,2) -> 53010 | I26: =ROUND(H26+G26,2) -> 332010 | J26: =ROUND(I26*D26,2) -> 60093810 | L26: ='ANEXO 2 - HISTORIC'!J23 -> 90870.26 | M26: =ROUND(L26*19%,2) -> 17265.35 | N26: =ROUND(M26+L26,2) -> 108135.61 | O26: =ROUND(N26*D26,2) -> 19572545 | Q26: =ROUND(AVERAGE(AVERAGE(G26,L26),L26),2) -> 137902.7 | R26: =ROUND(Q26*19%,2) -> 26201.51 | S26: =ROUND(R26+Q26,2) -> 164104.21 | T26: =ROUND(S26*D26,2) -> 29702862
B27: =B26+1 -> 3 | C27: Olla grande | D27: 50 | E27: UNIDAD | G27: ='ANEXO 1 - COTIZACION'!U28 -> 68200 | H27: =ROUND(G27*19%,2) -> 12958 | I27: =ROUND(H27+G27,2) -> 81158 | J27: =ROUND(I27*D27,2) -> 4057900 | L27: ='ANEXO 2 - HISTORIC'!J24 -> 0 | M27: =ROUND(L27*19%,2) -> 0 | N27: =ROUND(M27+L27,2) -> 0 | O27: =ROUND(N27*D27,2) -> 0 | Q27: =G27 -> 68200 | R27: =ROUND(Q27*19%,2) -> 12958 | S27: =ROUND(R27+Q27,2) -> 81158 | T27: =ROUND(S27*D27,2) -> 4057900
B28: =B27+1 -> 4 | C28: Bombillo Led ahorrador, para iluminación interior | D28: 500 | E28: UNIDAD | G28: ='ANEXO 1 - COTIZACION'!U29 -> 6820 | H28: =ROUND(G28*19%,2) -> 1295.8 | I28: =ROUND(H28+G28,2) -> 8115.8 | J28: =ROUND(I28*D28,2) -> 4057900 | L28: ='ANEXO 2 - HISTORIC'!J25 -> 3135.91 | M28: =ROUND(L28*19%,2) -> 595.82 | N28: =ROUND(M28+L28,2) -> 3731.73 | O28: =ROUND(N28*D28,2) -> 1865865 | Q28: =ROUND(AVERAGE(G28,L28),2) -> 4977.96 | R28: =ROUND(Q28*19%,2) -> 945.81 | S28: =ROUND(R28+Q28,2) -> 5923.77 | T28: =ROUND(S28*D28,2) -> 2961885
B29: =B28+1 -> 5 | C29: Caneca para basura | D29: 181 | E29: UNIDAD | G29: ='ANEXO 1 - COTIZACION'!U30 -> 49600 | H29: =ROUND(G29*19%,2) -> 9424 | I29: =ROUND(H29+G29,2) -> 59024 | J29: =ROUND(I29*D29,2) -> 10683344 | L29: ='ANEXO 2 - HISTORIC'!J26 -> 21096.15 | M29: =ROUND(L29*19%,2) -> 4008.27 | N29: =ROUND(M29+L29,2) -> 25104.42 | O29: =ROUND(N29*D29,2) -> 4543900 | Q29: =ROUND(AVERAGE(G29,L29),2) -> 35348.08 | R29: =ROUND(Q29*19%,2) -> 6716.14 | S29: =ROUND(R29+Q29,2) -> 42064.22 | T29: =ROUND(S29*D29,2) -> 7613623.8
B30: =B29+1 -> 6 | C30: Cortina Pesada | D30: 480 | E30: UNIDAD | G30: ='ANEXO 1 - COTIZACION'!U31 -> 136400 | H30: =ROUND(G30*19%,2) -> 25916 | I30: =ROUND(H30+G30,2) -> 162316 | J30: =ROUND(I30*D30,2) -> 77911680 | L30: ='ANEXO 2 - HISTORIC'!J27 -> 39056.39 | M30: =ROUND(L30*19%,2) -> 7420.71 | N30: =ROUND(M30+L30,2) -> 46477.1 | O30: =ROUND(N30*D30,2) -> 22309008 | Q30: =ROUND(AVERAGE(AVERAGE(G30,L30),L30),2) -> 63392.29 | R30: =ROUND(Q30*19%,2) -> 12044.54 | S30: =ROUND(R30+Q30,2) -> 75436.83 | T30: =ROUND(S30*D30,2) -> 36209678
B31: =B30+1 -> 7 | C31: Cuchillo de cocina | D31: 181 | E31: UNIDAD | G31: ='ANEXO 1 - COTIZACION'!U32 -> 24800 | H31: =ROUND(G31*19%,2) -> 4712 | I31: =ROUND(H31+G31,2) -> 29512 | J31: =ROUND(I31*D31,2) -> 5341672 | L31: ='ANEXO 2 - HISTORIC'!J28 -> 7412.16 | M31: =ROUND(L31*19%,2) -> 1408.31 | N31: =ROUND(M31+L31,2) -> 8820.47 | O31: =ROUND(N31*D31,2) -> 1596505.1 | Q31: =ROUND(AVERAGE(AVERAGE(G31,L31),L31),2) -> 11759.12 | R31: =ROUND(Q31*19%,2) -> 2234.23 | S31: =ROUND(R31+Q31,2) -> 13993.35 | T31: =ROUND(S31*D31,2) -> 2532796.4
B32: =B31+1 -> 8 | C32: Jarra plástica para jugos | D32: 181 | E32: UNIDAD | G32: ='ANEXO 1 - COTIZACION'!U33 -> 27900 | H32: =ROUND(G32*19%,2) -> 5301 | I32: =ROUND(H32+G32,2) -> 33201 | J32: =ROUND(I32*D32,2) -> 6009381 | L32: ='ANEXO 2 - HISTORIC'!J29 -> 7340.89 | M32: =ROUND(L32*19%,2) -> 1394.77 | N32: =ROUND(M32+L32,2) -> 8735.66 | O32: =ROUND(N32*D32,2) -> 1581154.5 | Q32: =ROUND(AVERAGE(AVERAGE(G32,L32),L32),2) -> 12480.67 | R32: =ROUND(Q32*19%,2) -> 2371.33 | S32: =ROUND(R32+Q32,2) -> 14852 | T32: =ROUND(S32*D32,2) -> 2688212
B33: =B32+1 -> 9 | C33: Juego de (5) Tarros plásticos para almacenar alimentos | D33: 181 | E33: JUEGO | G33: ='ANEXO 1 - COTIZACION'!U34 -> 58280 | H33: =ROUND(G33*19%,2) -> 11073.2 | I33: =ROUND(H33+G33,2) -> 69353.2 | J33: =ROUND(I33*D33,2) -> 12552929 | L33: ='ANEXO 2 - HISTORIC'!J30 -> 20668.53 | M33: =ROUND(L33*19%,2) -> 3927.02 | N33: =ROUND(M33+L33,2) -> 24595.55 | O33: =ROUND(N33*D33,2) -> 4451794.5 | Q33: =ROUND(AVERAGE(AVERAGE(G33,L33),L33),2) -> 30071.4 | R33: =ROUND(Q33*19%,2) -> 5713.57 | S33: =ROUND(R33+Q33,2) -> 35784.97 | T33: =ROUND(S33*D33,2) -> 6477079.6
B34: =B33+1 -> 10 | C34: Juego de cubiertos de cuatro (4) puestos mínimo 12 piezas | D34: 181 | E34: JUEGO | G34: ='ANEXO 1 - COTIZACION'!U35 -> 62000 | H34: =ROUND(G34*19%,2) -> 11780 | I34: =ROUND(H34+G34,2) -> 73780 | J34: =ROUND(I34*D34,2) -> 13354180 | L34: ='ANEXO 2 - HISTORIC'!J31 -> 31715.5 | M34: =ROUND(L34*19%,2) -> 6025.95 | N34: =ROUND(M34+L34,2) -> 37741.45 | O34: =ROUND(N34*D34,2) -> 6831202.5 | Q34: =ROUND(AVERAGE(G34,L34),2) -> 46857.75 | R34: =ROUND(Q34*19%,2) -> 8902.97 | S34: =ROUND(R34+Q34,2) -> 55760.72 | T34: =ROUND(S34*D34,2) -> 10092690
B35: =B34+1 -> 11 | C35: Juego de utensilios de cocina | D35: 181 | E35: JUEGO | G35: ='ANEXO 1 - COTIZACION'!U36 -> 74400 | H35: =ROUND(G35*19%,2) -> 14136 | I35: =ROUND(H35+G35,2) -> 88536 | J35: =ROUND(I35*D35,2) -> 16025016 | L35: ='ANEXO 2 - HISTORIC'!J32 -> 18316.59 | M35: =ROUND(L35*19%,2) -> 3480.15 | N35: =ROUND(M35+L35,2) -> 21796.74 | O35: =ROUND(N35*D35,2) -> 3945209.9 | Q35: =ROUND(AVERAGE(AVERAGE(G35,L35),L35),2) -> 32337.44 | R35: =ROUND(Q35*19%,2) -> 6144.11 | S35: =ROUND(R35+Q35,2) -> 38481.55 | T35: =ROUND(S35*D35,2) -> 6965160.5
B36: =B35+1 -> 12 | C36: Kit de aseo (Escoba, trapero y recogedor de basura) | D36: 181 | E36: JUEGO | G36: ='ANEXO 1 - COTIZACION'!U37 -> 52080 | H36: =ROUND(G36*19%,2) -> 9895.2 | I36: =ROUND(H36+G36,2) -> 61975.2 | J36: =ROUND(I36*D36,2) -> 11217511 | L36: ='ANEXO 2 - HISTORIC'!J33 -> 26940.32 | M36: =ROUND(L36*19%,2) -> 5118.66 | N36: =ROUND(M36+L36,2) -> 32058.98 | O36: =ROUND(N36*D36,2) -> 5802675.4 | Q36: =ROUND(AVERAGE(G36,L36),2) -> 39510.16 | R36: =ROUND(Q36*19%,2) -> 7506.93 | S36: =ROUND(R36+Q36,2) -> 47017.09 | T36: =ROUND(S36*D36,2) -> 8510093.3
B37: =B36+1 -> 13 | C37: Olla a presión para uso domestico | D37: 150 | E37: UNIDAD | G37: ='ANEXO 1 - COTIZACION'!U38 -> 124000 | H37: =ROUND(G37*19%,2) -> 23560 | I37: =ROUND(H37+G37,2) -> 147560 | J37: =ROUND(I37*D37,2) -> 22134000 | L37: ='ANEXO 2 - HISTORIC'!J34 -> 61791.84 | M37: =ROUND(L37*19%,2) -> 11740.45 | N37: =ROUND(M37+L37,2) -> 73532.29 | O37: =ROUND(N37*D37,2) -> 11029844 | Q37: =ROUND(AVERAGE(AVERAGE(G37,L37),L37),2) -> 77343.88 | R37: =ROUND(Q37*19%,2) -> 14695.34 | S37: =ROUND(R37+Q37,2) -> 92039.22 | T37: =ROUND(S37*D37,2) -> 13805883
B38: =B37+1 -> 14 | C38: Molinillo espumoso | D38: 181 | E38: UNIDAD | G38: ='ANEXO 1 - COTIZACION'!U39 -> 6200 | H38: =ROUND(G38*19%,2) -> 1178 | I38: =ROUND(H38+G38,2) -> 7378 | J38: =ROUND(I38*D38,2) -> 1335418 | L38: ='ANEXO 2 - HISTORIC'!J35 -> 3135.93 | M38: =ROUND(L38*19%,2) -> 595.83 | N38: =ROUND(M38+L38,2) -> 3731.76 | O38: =ROUND(N38*D38,2) -> 675448.56 | Q38: =ROUND(AVERAGE(G38,L38),2) -> 4667.97 | R38: =ROUND(Q38*19%,2) -> 886.91 | S38: =ROUND(R38+Q38,2) -> 5554.88 | T38: =ROUND(S38*D38,2) -> 1005433.3
B39: =B38+1 -> 15 | C39: Olleta chocolatera | D39: 181 | E39: UNIDAD | G39: ='ANEXO 1 - COTIZACION'!U40 -> 31000 | H39: =ROUND(G39*19%,2) -> 5890 | I39: =ROUND(H39+G39,2) -> 36890 | J39: =ROUND(I39*D39,2) -> 6677090 | L39: ='ANEXO 2 - HISTORIC'!J36 -> 20312.28 | M39: =ROUND(L39*19%,2) -> 3859.33 | N39: =ROUND(M39+L39,2) -> 24171.61 | O39: =ROUND(N39*D39,2) -> 4375061.4 | Q39: =ROUND(AVERAGE(G39,L39),2) -> 25656.14 | R39: =ROUND(Q39*19%,2) -> 4874.67 | S39: =ROUND(R39+Q39,2) -> 30530.81 | T39: =ROUND(S39*D39,2) -> 5526076.6
B40: =B39+1 -> 16 | C40: Papelera de baño | D40: 155 | E40: UNIDAD | G40: ='ANEXO 1 - COTIZACION'!U41 -> 14880 | H40: =ROUND(G40*19%,2) -> 2827.2 | I40: =ROUND(H40+G40,2) -> 17707.2 | J40: =ROUND(I40*D40,2) -> 2744616 | L40: ='ANEXO 2 - HISTORIC'!J37 -> 5986.66 | M40: =ROUND(L40*19%,2) -> 1137.47 | N40: =ROUND(M40+L40,2) -> 7124.13 | O40: =ROUND(N40*D40,2) -> 1104240.1 | Q40: =ROUND(AVERAGE(AVERAGE(G40,L40),L40),2) -> 8210 | R40: =ROUND(Q40*19%,2) -> 1559.9 | S40: =ROUND(R40+Q40,2) -> 9769.9 | T40: =ROUND(S40*D40,2) -> 1514334.5
B41: =B40+1 -> 17 | C41: Vajilla Melamina * 4 puestos. | D41: 181 | E41: JUEGO | G41: ='ANEXO 1 - COTIZACION'!U42 -> 117800 | H41: =ROUND(G41*19%,2) -> 22382 | I41: =ROUND(H41+G41,2) -> 140182 | J41: =ROUND(I41*D41,2) -> 25372942 | L41: ='ANEXO 2 - HISTORIC'!J38 -> 65711.67 | M41: =ROUND(L41*19%,2) -> 12485.22 | N41: =ROUND(M41+L41,2) -> 78196.89 | O41: =ROUND(N41*D41,2) -> 14153637 | Q41: =ROUND(AVERAGE(AVERAGE(G41,L41),L41),2) -> 78733.75 | R41: =ROUND(Q41*19%,2) -> 14959.41 | S41: =ROUND(R41+Q41,2) -> 93693.16 | T41: =ROUND(S41*D41,2) -> 16958462
B42: 18 | C42: Vasos de vidrio | D42: 749 | E42: UNIDAD | G42: ='ANEXO 1 - COTIZACION'!U43 -> 5580 | H42: =ROUND(G42*19%,2) -> 1060.2 | I42: =ROUND(H42+G42,2) -> 6640.2 | J42: =ROUND(I42*D42,2) -> 4973509.8 | L42: ='ANEXO 2 - HISTORIC'!J39 -> 2922.1 | M42: =ROUND(L42*19%,2) -> 555.2 | N42: =ROUND(M42+L42,2) -> 3477.3 | O42: =ROUND(N42*D42,2) -> 2604497.7 | Q42: =ROUND(AVERAGE(G42,L42),2) -> 4251.05 | R42: =ROUND(Q42*19%,2) -> 807.7 | S42: =ROUND(R42+Q42,2) -> 5058.75 | T42: =ROUND(S42*D42,2) -> 3789003.8
B43: TOTAL GRUPO 3 | G43: TOTAL GRUPO 3 | J43: =SUM(J25:J42) -> 2.8920825e+08 | L43: TOTAL GRUPO 3 | O43: =SUM(O25:O42) -> 1.0902156e+08 | Q43: TOTAL GRUPO 3 | T43: =SUM(T25:T42) -> 1.6403333e+08
C44: GRUPO 4
B45: =B44+1 -> 1 | C45: Almohada | D45: 450 | E45: UNIDAD | G45: ='ANEXO 1 - COTIZACION'!U46 -> 31000 | H45: =ROUND(G45*19%,2) -> 5890 | I45: =ROUND(H45+G45,2) -> 36890 | J45: =ROUND(I45*D45,2) -> 16600500 | L45: ='ANEXO 2 - HISTORIC'!J42 -> 8583.35 | M45: =ROUND(L45*19%,2) -> 1630.84 | N45: =ROUND(M45+L45,2) -> 10214.19 | O45: =ROUND(N45*D45,2) -> 4596385.5 | Q45: =ROUND(AVERAGE(AVERAGE(G45,L45),L45),2) -> 14187.51 | R45: =ROUND(Q45*19%,2) -> 2695.63 | S45: =ROUND(R45+Q45,2) -> 16883.14 | T45: =ROUND(S45*D45,2) -> 7597413
B46: =B45+1 -> 2 | C46: Cobijas para cama doble | D46: 200 | E46: UNIDAD | G46: ='ANEXO 1 - COTIZACION'!U47 -> 55800 | H46: =ROUND(G46*19%,2) -> 10602 | I46: =ROUND(H46+G46,2) -> 66402 | J46: =ROUND(I46*D46,2) -> 13280400 | L46: ='ANEXO 2 - HISTORIC'!J43 -> 23297.68 | M46: =ROUND(L46*19%,2) -> 4426.56 | N46: =ROUND(M46+L46,2) -> 27724.24 | O46: =ROUND(N46*D46,2) -> 5544848 | Q46: =ROUND(AVERAGE(G46,L46),2) -> 39548.84 | R46: =ROUND(Q46*19%,2) -> 7514.28 | S46: =ROUND(R46+Q46,2) -> 47063.12 | T46: =ROUND(S46*D46,2) -> 9412624
B47: =B46+1 -> 3 | C47: Cobijas para cama sencilla | D47: 300 | E47: UNIDAD | G47: ='ANEXO 1 - COTIZACION'!U48 -> 49600 | H47: =ROUND(G47*19%,2) -> 9424 | I47: =ROUND(H47+G47,2) -> 59024 | J47: =ROUND(I47*D47,2) -> 17707200 | L47: ='ANEXO 2 - HISTORIC'!J44 -> 19006.01 | M47: =ROUND(L47*19%,2) -> 3611.14 | N47: =ROUND(M47+L47,2) -> 22617.15 | O47: =ROUND(N47*D47,2) -> 6785145 | Q47: =ROUND(AVERAGE(AVERAGE(G47,L47),L47),2) -> 26654.51 | R47: =ROUND(Q47*19%,2) -> 5064.36 | S47: =ROUND(R47+Q47,2) -> 31718.87 | T47: =ROUND(S47*D47,2) -> 9515661
B48: =B47+1 -> 4 | C48: Edredón para cama doble | D48: 400 | E48: UNIDAD | G48: ='ANEXO 1 - COTIZACION'!U49 -> 124000 | H48: =ROUND(G48*19%,2) -> 23560 | I48: =ROUND(H48+G48,2) -> 147560 | J48: =ROUND(I48*D48,2) -> 59024000 | L48: ='ANEXO 2 - HISTORIC'!J45 -> 42916.77 | M48: =ROUND(L48*19%,2) -> 8154.19 | N48: =ROUND(M48+L48,2) -> 51070.96 | O48: =ROUND(N48*D48,2) -> 20428384 | Q48: =ROUND(AVERAGE(AVERAGE(G48,L48),L48),2) -> 63187.58 | R48: =ROUND(Q48*19%,2) -> 12005.64 | S48: =ROUND(R48+Q48,2) -> 75193.22 | T48: =ROUND(S48*D48,2) -> 30077288
B49: =B48+1 -> 5 | C49: Edredón para cama sencilla | D49: 500 | E49: UNIDAD | G49: ='ANEXO 1 - COTIZACION'!U50 -> 161200 | H49: =ROUND(G49*19%,2) -> 30628 | I49: =ROUND(H49+G49,2) -> 191828 | J49: =ROUND(I49*D49,2) -> 95914000 | L49: ='ANEXO 2 - HISTORIC'!J46 -> 40464.4 | M49: =ROUND(L49*19%,2) -> 7688.24 | N49: =ROUND(M49+L49,2) -> 48152.64 | O49: =ROUND(N49*D49,2) -> 24076320 | Q49: =ROUND(AVERAGE(AVERAGE(G49,L49),L49),2) -> 70648.3 | R49: =ROUND(Q49*19%,2) -> 13423.18 | S49: =ROUND(R49+Q49,2) -> 84071.48 | T49: =ROUND(S49*D49,2) -> 42035740
B50: =B49+1 -> 6 | C50: Juego de sábanas doble | D50: 450 | E50: JUEGO | G50: ='ANEXO 1 - COTIZACION'!U51 -> 86800 | H50: =ROUND(G50*19%,2) -> 16492 | I50: =ROUND(H50+G50,2) -> 103292 | J50: =ROUND(I50*D50,2) -> 46481400 | L50: ='ANEXO 2 - HISTORIC'!J47 -> 28815.53 | M50: =ROUND(L50*19%,2) -> 5474.95 | N50: =ROUND(M50+L50,2) -> 34290.48 | O50: =ROUND(N50*D50,2) -> 15430716 | Q50: =ROUND(AVERAGE(AVERAGE(G50,L50),L50),2) -> 43311.65 | R50: =ROUND(Q50*19%,2) -> 8229.21 | S50: =ROUND(R50+Q50,2) -> 51540.86 | T50: =ROUND(S50*D50,2) -> 23193387
B51: =B50+1 -> 7 | C51: Juego de sábanas sencillo | D51: 550 | E51: JUEGO | G51: ='ANEXO 1 - COTIZACION'!U52 -> 62000 | H51: =ROUND(G51*19%,2) -> 11780 | I51: =ROUND(H51+G51,2) -> 73780 | J51: =ROUND(I51*D51,2) -> 40579000 | L51: ='ANEXO 2 - HISTORIC'!J48 -> 27589.37 | M51: =ROUND(L51*19%,2) -> 5241.98 | N51: =ROUND(M51+L51,2) -> 32831.35 | O51: =ROUND(N51*D51,2) -> 18057242 | Q51: =ROUND(AVERAGE(G51,L51),2) -> 44794.69 | R51: =ROUND(Q51*19%,2) -> 8510.99 | S51: =ROUND(R51+Q51,2) -> 53305.68 | T51: =ROUND(S51*D51,2) -> 29318124
B52: =B51+1 -> 8 | C52: Protector para cama doble | D52: 24 | E52: UNIDAD | G52: ='ANEXO 1 - COTIZACION'!U53 -> 86800 | H52: =ROUND(G52*19%,2) -> 16492 | I52: =ROUND(H52+G52,2) -> 103292 | J52: =ROUND(I52*D52,2) -> 2479008 | L52: ='ANEXO 2 - HISTORIC'!J49 -> 24524.21 | M52: =ROUND(L52*19%,2) -> 4659.6 | N52: =ROUND(M52+L52,2) -> 29183.81 | O52: =ROUND(N52*D52,2) -> 700411.44 | Q52: =ROUND(AVERAGE(AVERAGE(G52,L52),L52),2) -> 40093.16 | R52: =ROUND(Q52*19%,2) -> 7617.7 | S52: =ROUND(R52+Q52,2) -> 47710.86 | T52: =ROUND(S52*D52,2) -> 1145060.6
B53: 9 | C53: Protector para cama sencillo | D53: 24 | E53: UNIDAD | G53: ='ANEXO 1 - COTIZACION'!U54 -> 74400 | H53: =ROUND(G53*19%,2) -> 14136 | I53: =ROUND(H53+G53,2) -> 88536 | J53: =ROUND(I53*D53,2) -> 2124864 | L53: ='ANEXO 2 - HISTORIC'!J50 -> 21458.67 | M53: =ROUND(L53*19%,2) -> 4077.15 | N53: =ROUND(M53+L53,2) -> 25535.82 | O53: =ROUND(N53*D53,2) -> 612859.68 | Q53: =ROUND(AVERAGE(AVERAGE(G53,L53),L53),2) -> 34694 | R53: =ROUND(Q53*19%,2) -> 6591.86 | S53: =ROUND(R53+Q53,2) -> 41285.86 | T53: =ROUND(S53*D53,2) -> 990860.64
B54: 10 | C54: Toalla hotelera torno cuerpo | D54: 1100 | E54: UNIDAD | G54: ='ANEXO 1 - COTIZACION'!U55 -> 59461 | H54: =ROUND(G54*19%,2) -> 11297.59 | I54: =ROUND(H54+G54,2) -> 70758.59 | J54: =ROUND(I54*D54,2) -> 77834449 | L54: ='ANEXO 2 - HISTORIC'!J51 -> 19006 | M54: =ROUND(L54*19%,2) -> 3611.14 | N54: =ROUND(M54+L54,2) -> 22617.14 | O54: =ROUND(N54*D54,2) -> 24878854 | Q54: =ROUND(AVERAGE(AVERAGE(G54,L54),L54),2) -> 29119.75 | R54: =ROUND(Q54*19%,2) -> 5532.75 | S54: =ROUND(R54+Q54,2) -> 34652.5 | T54: =ROUND(S54*D54,2) -> 38117750
C55: TOTAL GRUPO 4 | G55: TOTAL GRUPO 4 | J55: =SUM(J45:J54) -> 372024821 | L55: TOTAL GRUPO 4 | O55: =SUM(O45:O54) -> 1.2111117e+08 | Q55: TOTAL GRUPO 4 | T55: =SUM(T45:T54) -> 1.9140391e+08
C56: GRUPO 5
B57: =B56+1 -> 1 | C57: Colchón doble ortopédico tipo hotelero, doble a dos caras. | D57: 156 | E57: UNIDAD | G57: ='ANEXO 1 - COTIZACION'!U58 -> 792399.5 | H57: =ROUND(G57*19%,2) -> 150555.91 | I57: =ROUND(H57+G57,2) -> 942955.41 | J57: =ROUND(I57*D57,2) -> 1.4710104e+08 | L57: ='ANEXO 2 - HISTORIC'!J54 -> 319249.08 | M57: =ROUND(L57*19%,2) -> 60657.33 | N57: =ROUND(M57+L57,2) -> 379906.41 | O57: =ROUND(N57*D57,2) -> 59265400 | Q57: =ROUND(AVERAGE(AVERAGE(G57,L57),L57),2) -> 437536.69 | R57: =ROUND(Q57*19%,2) -> 83131.97 | S57: =ROUND(R57+Q57,2) -> 520668.66 | T57: =ROUND(S57*D57,2) -> 81224311
B58: =B57+1 -> 2 | C58: Colchón sencillo ortopédico tipo hotelero, doble a dos caras. | D58: 400 | E58: UNIDAD | G58: ='ANEXO 1 - COTIZACION'!U59 -> 592256 | H58: =ROUND(G58*19%,2) -> 112528.64 | I58: =ROUND(H58+G58,2) -> 704784.64 | J58: =ROUND(I58*D58,2) -> 281913856 | L58: ='ANEXO 2 - HISTORIC'!J55 -> 372457.67 | M58: =ROUND(L58*19%,2) -> 70766.96 | N58: =ROUND(M58+L58,2) -> 443224.63 | O58: =ROUND(N58*D58,2) -> 177289852 | Q58: =ROUND(AVERAGE(AVERAGE(G58,L58),L58),2) -> 427407.25 | R58: =ROUND(Q58*19%,2) -> 81207.38 | S58: =ROUND(R58+Q58,2) -> 508614.63 | T58: =ROUND(S58*D58,2) -> 203445852
C59: TOTAL GRUPO 5 | H59: TOTAL GRUPO 5 | J59: =SUM(J57:J58) -> 4.290149e+08 | M59: TOTAL GRUPO 5 | O59: =SUM(O57:O58) -> 2.3655525e+08 | R59: TOTAL GRUPO 5 | T59: =SUM(T57:T58) -> 2.8467016e+08
B60: TOTAL GRUPO 1 , 2 , 3 , 4 Y 5 | G60: TOTAL GRUPO 1 . 2 , 3 , 4 Y 5 | J60: =SUM(J15+J22+J43+J55+J59) -> 2.3253924e+09 | L60: TOTAL GRUPO 1 . 2 , 3 , 4 Y 5 | O60: =SUM(O15+O22+O43+O55+O59) -> 9.5707344e+08 | Q60: TOTAL GRUPO 1 . 2 , 3 , 4 Y 5 | T60: =SUM(T15+T22+T43+T55+T59) -> 1.4570124e+09
B62: NOTAS:
B63: 1. Se indica que los valores resaltados en color salmón se toma la formula promedio entre el valor del analisis de las cotizaciones y los historicos . Se indica que los valores resaltados en color amarillo se toma la formula media aritmetica baja entre el valor del analisis de las cotizaciones y los historicos . Para los valores que no cuentan con gasto historico se toma el valor del analisis de las cotizaciones
B64: 2) Para establecer el valor del mercado ítem x ítem del GRUPO 1 , GRUPO 2 ,GRUPO 3, GRUPO 4 y GRUPO 5 , para los cuales se utilizó para los que NO cuentan con gasto historico se toma el valor del analisis de la cotización recibida y para los demás items la formula media aritmetica baja . Por otra parte,los de color salmón se realiza la formula promedio.
B65: 3) En el presente análisis se aplicó el procedimiento de aproximación generalmente aceptado por las reglas matemáticas denominado redondeo a dos decimales, esto es, si el tercer decimal es menor que 5, el segundo decimal se mantiene; si el tercer decimal es igual o mayor que 5, el segundo decimal se incrementa en uno.
B66: Fecha de elaboración: 12/05/2026
B67: Mod No 1: 21/05/2026
B68: Estudio del sector : 284
B69: Mod No 2: 03/06/2026

Sheet ANEXO4
B2: ANEXO 4 PRESUPUESTO TOTAL ASIGNADO
D3: ADQUISICIÓN DE ELEMENTOS PARA LA DOTACIÓN DE SEDES DEL PROGRAMA DE PROTECCIÓN Y ASISTENCIA DE LA FISCALIA GENERAL DE LA NACIÓN
B4: NECESIDAD | G4: ANALISIS DE COTIZACIONES 2026 | L4: ANALISIS DE HISTORICOS | Q4: PRESUPUESTO TOTAL ASIGNADO 2026
B6: GRUPO 1 | G6: VALOR UNITARIO SIN IVA | H6: IVA UNITARIO | I6: VALOR UNITARIO INCLUIDO IVA | J6: VALOR TOTAL INCLUIDO IVA | L6: VALOR UNITARIO SIN IVA | M6: IVA UNITARIO | N6: VALOR UNITARIO INCLUIDO IVA | O6: VALOR TOTAL INCLUIDO IVA | Q6: VALOR UNITARIO SIN IVA | R6: IVA UNITARIO | S6: VALOR UNITARIO INCLUIDO IVA | T6: VALOR TOTAL INCLUIDO IVA
B7: ÍTEM | C7: DESCRIPCIÓN DEL BIEN ( Según especificaciones técnicas) | D7: CANTIDAD | E7: UNIDAD DE MEDIDA
B8: 1 | C8: Lavadora automática carga superior 13Kg | D8: 70 | E8: UNIDAD | G8: ='ANEXO 1 - COTIZACION'!U9 -> 1903525 | H8: =ROUND(G8*19%,2) -> 361669.75 | I8: =ROUND(H8+G8,2) -> 2265194.8 | J8: =ROUND(I8*D8,2) -> 1.5856363e+08 | L8: ='ANEXO 2 - HISTORIC'!J7 -> 1022119.2 | M8: =ROUND(L8*19%,2) -> 194202.65 | N8: =ROUND(M8+L8,2) -> 1216321.8 | O8: =ROUND(N8*D8,2) -> 85142529 | Q8: =ROUND(AVERAGE(AVERAGE(G8,L8),L8),2) -> 1242470.6 | R8: =ROUND(Q8*19%,2) -> 236069.42 | S8: =ROUND(R8+Q8,2) -> 1478540.1 | T8: =ROUND(S8*D8,2) -> 1.034978e+08
B9: 2 | C9: Lavadora automática carga superior 19 Kg | D9: 21 | E9: UNIDAD | G9: ='ANEXO 1 - COTIZACION'!U10 -> 2214525 | H9: =ROUND(G9*19%,2) -> 420759.75 | I9: =ROUND(H9+G9,2) -> 2635284.8 | J9: =ROUND(I9*D9,2) -> 55340980 | L9: ='ANEXO 2 - HISTORIC'!J8 -> 0 | M9: =ROUND(L9*19%,2) -> 0 | N9: =ROUND(M9+L9,2) -> 0 | O9: =ROUND(N9*D9,2) -> 0 | Q9: =G9 -> 2214525 | R9: =ROUND(Q9*19%,2) -> 420759.75 | S9: =ROUND(R9+Q9,2) -> 2635284.8 | T9: =ROUND(S9*D9,2) -> 55340980
B10: 3 | C10: Licuadora de Mesa | D10: 114 | E10: UNIDAD | G10: ='ANEXO 1 - COTIZACION'!U11 -> 163025 | H10: =ROUND(G10*19%,2) -> 30974.75 | I10: =ROUND(H10+G10,2) -> 193999.75 | J10: =ROUND(I10*D10,2) -> 22115972 | L10: ='ANEXO 2 - HISTORIC'!J9 -> 117708.9 | M10: =ROUND(L10*19%,2) -> 22364.69 | N10: =ROUND(M10+L10,2) -> 140073.59 | O10: =ROUND(N10*D10,2) -> 15968389 | Q10: =ROUND(AVERAGE(G10,L10),2) -> 140366.95 | R10: =ROUND(Q10*19%,2) -> 26669.72 | S10: =ROUND(R10+Q10,2) -> 167036.67 | T10: =ROUND(S10*D10,2) -> 19042180
B11: 4 | C11: Nevera No Frost 290 Lts | D11: 93 | E11: UNIDAD | G11: ='ANEXO 1 - COTIZACION'!U12 -> 2044825 | H11: =ROUND(G11*19%,2) -> 388516.75 | I11: =ROUND(H11+G11,2) -> 2433341.8 | J11: =ROUND(I11*D11,2) -> 2.2630078e+08 | L11: ='ANEXO 2 - HISTORIC'!J10 -> 1176241.5 | M11: =ROUND(L11*19%,2) -> 223485.89 | N11: =ROUND(M11+L11,2) -> 1399727.4 | O11: =ROUND(N11*D11,2) -> 1.3017465e+08 | Q11: =ROUND(AVERAGE(AVERAGE(G11,L11),L11),2) -> 1393387.4 | R11: =ROUND(Q11*19%,2) -> 264743.61 | S11: =ROUND(R11+Q11,2) -> 1658131 | T11: =ROUND(S11*D11,2) -> 1.5420618e+08
B12: 5 | C12: Nevera No Frost 394 Lts | D12: 22 | E12: UNIDAD | G12: ='ANEXO 1 - COTIZACION'!U13 -> 2364787.5 | H12: =ROUND(G12*19%,2) -> 449309.63 | I12: =ROUND(H12+G12,2) -> 2814097.1 | J12: =ROUND(I12*D12,2) -> 61910137 | L12: ='ANEXO 2 - HISTORIC'!J11 -> 0 | M12: =ROUND(L12*19%,2) -> 0 | N12: =ROUND(M12+L12,2) -> 0 | O12: =ROUND(N12*D12,2) -> 0 | Q12: =G12 -> 2364787.5 | R12: =ROUND(Q12*19%,2) -> 449309.63 | S12: =ROUND(R12+Q12,2) -> 2814097.1 | T12: =ROUND(S12*D12,2) -> 61910137
B13: 6 | C13: Televisor Smart 32 pulgadas | D13: 120 | E13: UNIDAD | G13: ='ANEXO 1 - COTIZACION'!U14 -> 868266.67 | H13: =ROUND(G13*19%,2) -> 164970.67 | I13: =ROUND(H13+G13,2) -> 1033237.3 | J13: =ROUND(I13*D13,2) -> 1.2398848e+08 | L13: ='ANEXO 2 - HISTORIC'!J12 -> 579229.13 | M13: =ROUND(L13*19%,2) -> 110053.53 | N13: =ROUND(M13+L13,2) -> 689282.66 | O13: =ROUND(N13*D13,2) -> 82713919 | Q13: =ROUND(AVERAGE(G13,L13),2) -> 723747.9 | R13: =ROUND(Q13*19%,2) -> 137512.1 | S13: =ROUND(R13+Q13,2) -> 861260 | T13: =ROUND(S13*D13,2) -> 103351200
B14: 7 | C14: Ventilador 3 en 1 | D14: 174 | E14: UNIDAD | G14: ='ANEXO 1 - COTIZACION'!U15 -> 261025 | H14: =ROUND(G14*19%,2) -> 49594.75 | I14: =ROUND(H14+G14,2) -> 310619.75 | J14: =ROUND(I14*D14,2) -> 54047836 | L14: ='ANEXO 2 - HISTORIC'!J13 -> 0 | M14: =ROUND(L14*19%,2) -> 0 | N14: =ROUND(M14+L14,2) -> 0 | O14: =ROUND(N14*D14,2) -> 0 | Q14: =G14 -> 261025 | R14: =ROUND(Q14*19%,2) -> 49594.75 | S14: =ROUND(R14+Q14,2) -> 310619.75 | T14: =ROUND(S14*D14,2) -> 54047836
B15: TOTAL GRUPO 1 | G15: TOTAL GRUPO 1 | J15: =SUM(J8:J14) -> 7.0226782e+08 | L15: TOTAL GRUPO 1 | O15: =SUM(O8:O14) -> 3.1399949e+08 | Q15: TOTAL GRUPO 1 | T15: =SUM(T8:T14) -> 5.5139632e+08
B16: GRUPO 2
B18: =B17+1 -> 1 | C18: Base cama doble | D18: 120 | E18: UNIDAD | G18: ='ANEXO 1 - COTIZACION'!U19 -> 551000 | H18: =ROUND(G18*19%,2) -> 104690 | I18: =ROUND(H18+G18,2) -> 655690 | J18: =ROUND(I18*D18,2) -> 78682800 | L18: ='ANEXO 2 - HISTORIC'!J16 -> 149520.03 | M18: =ROUND(L18*19%,2) -> 28408.81 | N18: =ROUND(M18+L18,2) -> 177928.84 | O18: =ROUND(N18*D18,2) -> 21351461 | Q18: =ROUND(AVERAGE(AVERAGE(G18,L18),L18),2) -> 249890.02 | R18: =ROUND(Q18*19%,2) -> 47479.1 | S18: =ROUND(R18+Q18,2) -> 297369.12 | T18: =ROUND(S18*D18,2) -> 35684294
B19: =B18+1 -> 2 | C19: Base cama sencilla | D19: 230 | E19: UNIDAD | G19: ='ANEXO 1 - COTIZACION'!U20 -> 459000 | H19: =ROUND(G19*19%,2) -> 87210 | I19: =ROUND(H19+G19,2) -> 546210 | J19: =ROUND(I19*D19,2) -> 125628300 | L19: ='ANEXO 2 - HISTORIC'!J17 -> 148840.82 | M19: =ROUND(L19*19%,2) -> 28279.76 | N19: =ROUND(M19+L19,2) -> 177120.58 | O19: =ROUND(N19*D19,2) -> 40737733 | Q19: =ROUND(AVERAGE(AVERAGE(G19,L19),L19),2) -> 226380.62 | R19: =ROUND(Q19*19%,2) -> 43012.32 | S19: =ROUND(R19+Q19,2) -> 269392.94 | T19: =ROUND(S19*D19,2) -> 61960376
B20: 3 | C20: Combo comedor de cuatro (4) puestos Plástico | D20: 130 | E20: JUEGO | G20: ='ANEXO 1 - COTIZACION'!U21 -> 378350 | H20: =ROUND(G20*19%,2) -> 71886.5 | I20: =ROUND(H20+G20,2) -> 450236.5 | J20: =ROUND(I20*D20,2) -> 58530745 | L20: ='ANEXO 2 - HISTORIC'!J18 -> 180723.04 | M20: =ROUND(L20*19%,2) -> 34337.38 | N20: =ROUND(M20+L20,2) -> 215060.42 | O20: =ROUND(N20*D20,2) -> 27957855 | Q20: =ROUND(AVERAGE(AVERAGE(G20,L20),L20),2) -> 230129.78 | R20: =ROUND(Q20*19%,2) -> 43724.66 | S20: =ROUND(R20+Q20,2) -> 273854.44 | T20: =ROUND(S20*D20,2) -> 35601077
B21: 4 | C21: Sofás | D21: 122 | E21: UNIDAD | G21: ='ANEXO 1 - COTIZACION'!U22 -> 1860000 | H21: =ROUND(G21*19%,2) -> 353400 | I21: =ROUND(H21+G21,2) -> 2213400 | J21: =ROUND(I21*D21,2) -> 270034800 | L21: ='ANEXO 2 - HISTORIC'!J19 -> 594702.62 | M21: =ROUND(L21*19%,2) -> 112993.5 | N21: =ROUND(M21+L21,2) -> 707696.12 | O21: =ROUND(N21*D21,2) -> 86338927 | Q21: =ROUND(AVERAGE(AVERAGE(G21,L21),L21),2) -> 911026.97 | R21: =ROUND(Q21*19%,2) -> 173095.12 | S21: =ROUND(R21+Q21,2) -> 1084122.1 | T21: =ROUND(S21*D21,2) -> 1.3226289e+08
B22: TOTAL GRUPO 2 | G22: TOTAL GRUPO 2 | J22: =SUM(J18:J21) -> 532876645 | L22: TOTAL GRUPO 2 | O22: =SUM(O18:O21) -> 1.7638598e+08 | Q22: TOTAL GRUPO 2 | T22: =SUM(T18:T21) -> 2.6550864e+08
B23: GRUPO 3
B25: =B24+1 -> 1 | C25: Balde | D25: 181 | E25: UNIDAD | G25: ='ANEXO 1 - COTIZACION'!U26 -> 21660 | H25: =ROUND(G25*19%,2) -> 4115.4 | I25: =ROUND(H25+G25,2) -> 25775.4 | J25: =ROUND(I25*D25,2) -> 4665347.4 | L25: ='ANEXO 2 - HISTORIC'!J22 -> 11973.5 | M25: =ROUND(L25*19%,2) -> 2274.97 | N25: =ROUND(M25+L25,2) -> 14248.47 | O25: =ROUND(N25*D25,2) -> 2578973.1 | Q25: =ROUND(AVERAGE(G25,L25),2) -> 16816.75 | R25: =ROUND(Q25*19%,2) -> 3195.18 | S25: =ROUND(R25+Q25,2) -> 20011.93 | T25: =ROUND(S25*D25,2) -> 3622159.3
B26: =B25+1 -> 2 | C26: Batería de ollas de siete (7) piezas | D26: 181 | E26: JUEGO | G26: ='ANEXO 1 - COTIZACION'!U27 -> 279000 | H26: =ROUND(G26*19%,2) -> 53010 | I26: =ROUND(H26+G26,2) -> 332010 | J26: =ROUND(I26*D26,2) -> 60093810 | L26: ='ANEXO 2 - HISTORIC'!J23 -> 90870.26 | M26: =ROUND(L26*19%,2) -> 17265.35 | N26: =ROUND(M26+L26,2) -> 108135.61 | O26: =ROUND(N26*D26,2) -> 19572545 | Q26: =ROUND(AVERAGE(AVERAGE(G26,L26),L26),2) -> 137902.7 | R26: =ROUND(Q26*19%,2) -> 26201.51 | S26: =ROUND(R26+Q26,2) -> 164104.21 | T26: =ROUND(S26*D26,2) -> 29702862
B27: =B26+1 -> 3 | C27: Olla grande | D27: 50 | E27: UNIDAD | G27: ='ANEXO 1 - COTIZACION'!U28 -> 68200 | H27: =ROUND(G27*19%,2) -> 12958 | I27: =ROUND(H27+G27,2) -> 81158 | J27: =ROUND(I27*D27,2) -> 4057900 | L27: ='ANEXO 2 - HISTORIC'!J24 -> 0 | M27: =ROUND(L27*19%,2) -> 0 | N27: =ROUND(M27+L27,2) -> 0 | O27: =ROUND(N27*D27,2) -> 0 | Q27: =G27 -> 68200 | R27: =ROUND(Q27*19%,2) -> 12958 | S27: =ROUND(R27+Q27,2) -> 81158 | T27: =ROUND(S27*D27,2) -> 4057900
B28: =B27+1 -> 4 | C28: Bombillo Led ahorrador, para iluminación interior | D28: 500 | E28: UNIDAD | G28: ='ANEXO 1 - COTIZACION'!U29 -> 6820 | H28: =ROUND(G28*19%,2) -> 1295.8 | I28: =ROUND(H28+G28,2) -> 8115.8 | J28: =ROUND(I28*D28,2) -> 4057900 | L28: ='ANEXO 2 - HISTORIC'!J25 -> 3135.91 | M28: =ROUND(L28*19%,2) -> 595.82 | N28: =ROUND(M28+L28,2) -> 3731.73 | O28: =ROUND(N28*D28,2) -> 1865865 | Q28: =ROUND(AVERAGE(G28,L28),2) -> 4977.96 | R28: =ROUND(Q28*19%,2) -> 945.81 | S28: =ROUND(R28+Q28,2) -> 5923.77 | T28: =ROUND(S28*D28,2) -> 2961885
B29: =B28+1 -> 5 | C29: Caneca para basura | D29: 181 | E29: UNIDAD | G29: ='ANEXO 1 - COTIZACION'!U30 -> 49600 | H29: =ROUND(G29*19%,2) -> 9424 | I29: =ROUND(H29+G29,2) -> 59024 | J29: =ROUND(I29*D29,2) -> 10683344 | L29: ='ANEXO 2 - HISTORIC'!J26 -> 21096.15 | M29: =ROUND(L29*19%,2) -> 4008.27 | N29: =ROUND(M29+L29,2) -> 25104.42 | O29: =ROUND(N29*D29,2) -> 4543900 | Q29: =ROUND(AVERAGE(G29,L29),2) -> 35348.08 | R29: =ROUND(Q29*19%,2) -> 6716.14 | S29: =ROUND(R29+Q29,2) -> 42064.22 | T29: =ROUND(S29*D29,2) -> 7613623.8
B30: =B29+1 -> 6 | C30: Cortina Pesada | D30: 480 | E30: UNIDAD | G30: ='ANEXO 1 - COTIZACION'!U31 -> 136400 | H30: =ROUND(G30*19%,2) -> 25916 | I30: =ROUND(H30+G30,2) -> 162316 | J30: =ROUND(I30*D30,2) -> 77911680 | L30: ='ANEXO 2 - HISTORIC'!J27 -> 39056.39 | M30: =ROUND(L30*19%,2) -> 7420.71 | N30: =ROUND(M30+L30,2) -> 46477.1 | O30: =ROUND(N30*D30,2) -> 22309008 | Q30: =ROUND(AVERAGE(AVERAGE(G30,L30),L30),2) -> 63392.29 | R30: =ROUND(Q30*19%,2) -> 12044.54 | S30: =ROUND(R30+Q30,2) -> 75436.83 | T30: =ROUND(S30*D30,2) -> 36209678
B31: =B30+1 -> 7 | C31: Cuchillo de cocina | D31: 181 | E31: UNIDAD | G31: ='ANEXO 1 - COTIZACION'!U32 -> 24800 | H31: =ROUND(G31*19%,2) -> 4712 | I31: =ROUND(H31+G31,2) -> 29512 | J31: =ROUND(I31*D31,2) -> 5341672 | L31: ='ANEXO 2 - HISTORIC'!J28 -> 7412.16 | M31: =ROUND(L31*19%,2) -> 1408.31 | N31: =ROUND(M31+L31,2) -> 8820.47 | O31: =ROUND(N31*D31,2) -> 1596505.1 | Q31: =ROUND(AVERAGE(AVERAGE(G31,L31),L31),2) -> 11759.12 | R31: =ROUND(Q31*19%,2) -> 2234.23 | S31: =ROUND(R31+Q31,2) -> 13993.35 | T31: =ROUND(S31*D31,2) -> 2532796.4
B32: =B31+1 -> 8 | C32: Jarra plástica para jugos | D32: 181 | E32: UNIDAD | G32: ='ANEXO 1 - COTIZACION'!U33 -> 27900 | H32: =ROUND(G32*19%,2) -> 5301 | I32: =ROUND(H32+G32,2) -> 33201 | J32: =ROUND(I32*D32,2) -> 6009381 | L32: ='ANEXO 2 - HISTORIC'!J29 -> 7340.89 | M32: =ROUND(L32*19%,2) -> 1394.77 | N32: =ROUND(M32+L32,2) -> 8735.66 | O32: =ROUND(N32*D32,2) -> 1581154.5 | Q32: =ROUND(AVERAGE(AVERAGE(G32,L32),L32),2) -> 12480.67 | R32: =ROUND(Q32*19%,2) -> 2371.33 | S32: =ROUND(R32+Q32,2) -> 14852 | T32: =ROUND(S32*D32,2) -> 2688212
B33: =B32+1 -> 9 | C33: Juego de (5) Tarros plásticos para almacenar alimentos | D33: 181 | E33: JUEGO | G33: ='ANEXO 1 - COTIZACION'!U34 -> 58280 | H33: =ROUND(G33*19%,2) -> 11073.2 | I33: =ROUND(H33+G33,2) -> 69353.2 | J33: =ROUND(I33*D33,2) -> 12552929 | L33: ='ANEXO 2 - HISTORIC'!J30 -> 20668.53 | M33: =ROUND(L33*19%,2) -> 3927.02 | N33: =ROUND(M33+L33,2) -> 24595.55 | O33: =ROUND(N33*D33,2) -> 4451794.5 | Q33: =ROUND(AVERAGE(AVERAGE(G33,L33),L33),2) -> 30071.4 | R33: =ROUND(Q33*19%,2) -> 5713.57 | S33: =ROUND(R33+Q33,2) -> 35784.97 | T33: =ROUND(S33*D33,2) -> 6477079.6
B34: =B33+1 -> 10 | C34: Juego de cubiertos de cuatro (4) puestos mínimo 12 piezas | D34: 181 | E34: JUEGO | G34: ='ANEXO 1 - COTIZACION'!U35 -> 62000 | H34: =ROUND(G34*19%,2) -> 11780 | I34: =ROUND(H34+G34,2) -> 73780 | J34: =ROUND(I34*D34,2) -> 13354180 | L34: ='ANEXO 2 - HISTORIC'!J31 -> 31715.5 | M34: =ROUND(L34*19%,2) -> 6025.95 | N34: =ROUND(M34+L34,2) -> 37741.45 | O34: =ROUND(N34*D34,2) -> 6831202.5 | Q34: =ROUND(AVERAGE(G34,L34),2) -> 46857.75 | R34: =ROUND(Q34*19%,2) -> 8902.97 | S34: =ROUND(R34+Q34,2) -> 55760.72 | T34: =ROUND(S34*D34,2) -> 10092690
B35: =B34+1 -> 11 | C35: Juego de utensilios de cocina | D35: 181 | E35: JUEGO | G35: ='ANEXO 1 - COTIZACION'!U36 -> 74400 | H35: =ROUND(G35*19%,2) -> 14136 | I35: =ROUND(H35+G35,2) -> 88536 | J35: =ROUND(I35*D35,2) -> 16025016 | L35: ='ANEXO 2 - HISTORIC'!J32 -> 18316.59 | M35: =ROUND(L35*19%,2) -> 3480.15 | N35: =ROUND(M35+L35,2) -> 21796.74 | O35: =ROUND(N35*D35,2) -> 3945209.9 | Q35: =ROUND(AVERAGE(AVERAGE(G35,L35),L35),2) -> 32337.44 | R35: =ROUND(Q35*19%,2) -> 6144.11 | S35: =ROUND(R35+Q35,2) -> 38481.55 | T35: =ROUND(S35*D35,2) -> 6965160.5
B36: =B35+1 -> 12 | C36: Kit de aseo (Escoba, trapero y recogedor de basura) | D36: 181 | E36: JUEGO | G36: ='ANEXO 1 - COTIZACION'!U37 -> 52080 | H36: =ROUND(G36*19%,2) -> 9895.2 | I36: =ROUND(H36+G36,2) -> 61975.2 | J36: =ROUND(I36*D36,2) -> 11217511 | L36: ='ANEXO 2 - HISTORIC'!J33 -> 26940.32 | M36: =ROUND(L36*19%,2) -> 5118.66 | N36: =ROUND(M36+L36,2) -> 32058.98 | O36: =ROUND(N36*D36,2) -> 5802675.4 | Q36: =ROUND(AVERAGE(G36,L36),2) -> 39510.16 | R36: =ROUND(Q36*19%,2) -> 7506.93 | S36: =ROUND(R36+Q36,2) -> 47017.09 | T36: =ROUND(S36*D36,2) -> 8510093.3
B37: =B36+1 -> 13 | C37: Olla a presión para uso domestico | D37: 150 | E37: UNIDAD | G37: ='ANEXO 1 - COTIZACION'!U38 -> 124000 | H37: =ROUND(G37*19%,2) -> 23560 | I37: =ROUND(H37+G37,2) -> 147560 | J37: =ROUND(I37*D37,2) -> 22134000 | L37: ='ANEXO 2 - HISTORIC'!J34 -> 61791.84 | M37: =ROUND(L37*19%,2) -> 11740.45 | N37: =ROUND(M37+L37,2) -> 73532.29 | O37: =ROUND(N37*D37,2) -> 11029844 | Q37: =ROUND(AVERAGE(AVERAGE(G37,L37),L37),2) -> 77343.88 | R37: =ROUND(Q37*19%,2) -> 14695.34 | S37: =ROUND(R37+Q37,2) -> 92039.22 | T37: =ROUND(S37*D37,2) -> 13805883
B38: =B37+1 -> 14 | C38: Molinillo espumoso | D38: 181 | E38: UNIDAD | G38: ='ANEXO 1 - COTIZACION'!U39 -> 6200 | H38: =ROUND(G38*19%,2) -> 1178 | I38: =ROUND(H38+G38,2) -> 7378 | J38: =ROUND(I38*D38,2) -> 1335418 | L38: ='ANEXO 2 - HISTORIC'!J35 -> 3135.93 | M38: =ROUND(L38*19%,2) -> 595.83 | N38: =ROUND(M38+L38,2) -> 3731.76 | O38: =ROUND(N38*D38,2) -> 675448.56 | Q38: =ROUND(AVERAGE(G38,L38),2) -> 4667.97 | R38: =ROUND(Q38*19%,2) -> 886.91 | S38: =ROUND(R38+Q38,2) -> 5554.88 | T38: =ROUND(S38*D38,2) -> 1005433.3
B39: =B38+1 -> 15 | C39: Olleta chocolatera | D39: 181 | E39: UNIDAD | G39: ='ANEXO 1 - COTIZACION'!U40 -> 31000 | H39: =ROUND(G39*19%,2) -> 5890 | I39: =ROUND(H39+G39,2) -> 36890 | J39: =ROUND(I39*D39,2) -> 6677090 | L39: ='ANEXO 2 - HISTORIC'!J36 -> 20312.28 | M39: =ROUND(L39*19%,2) -> 3859.33 | N39: =ROUND(M39+L39,2) -> 24171.61 | O39: =ROUND(N39*D39,2) -> 4375061.4 | Q39: =ROUND(AVERAGE(G39,L39),2) -> 25656.14 | R39: =ROUND(Q39*19%,2) -> 4874.67 | S39: =ROUND(R39+Q39,2) -> 30530.81 | T39: =ROUND(S39*D39,2) -> 5526076.6
B40: =B39+1 -> 16 | C40: Papelera de baño | D40: 155 | E40: UNIDAD | G40: ='ANEXO 1 - COTIZACION'!U41 -> 14880 | H40: =ROUND(G40*19%,2) -> 2827.2 | I40: =ROUND(H40+G40,2) -> 17707.2 | J40: =ROUND(I40*D40,2) -> 2744616 | L40: ='ANEXO 2 - HISTORIC'!J37 -> 5986.66 | M40: =ROUND(L40*19%,2) -> 1137.47 | N40: =ROUND(M40+L40,2) -> 7124.13 | O40: =ROUND(N40*D40,2) -> 1104240.1 | Q40: =ROUND(AVERAGE(AVERAGE(G40,L40),L40),2) -> 8210 | R40: =ROUND(Q40*19%,2) -> 1559.9 | S40: =ROUND(R40+Q40,2) -> 9769.9 | T40: =ROUND(S40*D40,2) -> 1514334.5
B41: =B40+1 -> 17 | C41: Vajilla Melamina * 4 puestos. | D41: 181 | E41: JUEGO | G41: ='ANEXO 1 - COTIZACION'!U42 -> 117800 | H41: =ROUND(G41*19%,2) -> 22382 | I41: =ROUND(H41+G41,2) -> 140182 | J41: =ROUND(I41*D41,2) -> 25372942 | L41: ='ANEXO 2 - HISTORIC'!J38 -> 65711.67 | M41: =ROUND(L41*19%,2) -> 12485.22 | N41: =ROUND(M41+L41,2) -> 78196.89 | O41: =ROUND(N41*D41,2) -> 14153637 | Q41: =ROUND(AVERAGE(AVERAGE(G41,L41),L41),2) -> 78733.75 | R41: =ROUND(Q41*19%,2) -> 14959.41 | S41: =ROUND(R41+Q41,2) -> 93693.16 | T41: =ROUND(S41*D41,2) -> 16958462
B42: 18 | C42: Vasos de vidrio | D42: 749 | E42: UNIDAD | G42: ='ANEXO 1 - COTIZACION'!U43 -> 5580 | H42: =ROUND(G42*19%,2) -> 1060.2 | I42: =ROUND(H42+G42,2) -> 6640.2 | J42: =ROUND(I42*D42,2) -> 4973509.8 | L42: ='ANEXO 2 - HISTORIC'!J39 -> 2922.1 | M42: =ROUND(L42*19%,2) -> 555.2 | N42: =ROUND(M42+L42,2) -> 3477.3 | O42: =ROUND(N42*D42,2) -> 2604497.7 | Q42: =ROUND(AVERAGE(G42,L42),2) -> 4251.05 | R42: =ROUND(Q42*19%,2) -> 807.7 | S42: =ROUND(R42+Q42,2) -> 5058.75 | T42: =ROUND(S42*D42,2) -> 3789003.8
B43: TOTAL GRUPO 3 | G43: TOTAL GRUPO 3 | J43: =SUM(J25:J42) -> 2.8920825e+08 | L43: TOTAL GRUPO 3 | O43: =SUM(O25:O42) -> 1.0902156e+08 | Q43: TOTAL GRUPO 3 | T43: =SUM(T25:T42) -> 1.6403333e+08
C44: GRUPO 4
B45: =B44+1 -> 1 | C45: Almohada | D45: 450 | E45: UNIDAD | G45: ='ANEXO 1 - COTIZACION'!U46 -> 31000 | H45: =ROUND(G45*19%,2) -> 5890 | I45: =ROUND(H45+G45,2) -> 36890 | J45: =ROUND(I45*D45,2) -> 16600500 | L45: ='ANEXO 2 - HISTORIC'!J42 -> 8583.35 | M45: =ROUND(L45*19%,2) -> 1630.84 | N45: =ROUND(M45+L45,2) -> 10214.19 | O45: =ROUND(N45*D45,2) -> 4596385.5 | Q45: =ROUND(AVERAGE(AVERAGE(G45,L45),L45),2) -> 14187.51 | R45: =ROUND(Q45*19%,2) -> 2695.63 | S45: =ROUND(R45+Q45,2) -> 16883.14 | T45: =ROUND(S45*D45,2) -> 7597413
B46: =B45+1 -> 2 | C46: Cobijas para cama doble | D46: 200 | E46: UNIDAD | G46: ='ANEXO 1 - COTIZACION'!U47 -> 55800 | H46: =ROUND(G46*19%,2) -> 10602 | I46: =ROUND(H46+G46,2) -> 66402 | J46: =ROUND(I46*D46,2) -> 13280400 | L46: ='ANEXO 2 - HISTORIC'!J43 -> 23297.68 | M46: =ROUND(L46*19%,2) -> 4426.56 | N46: =ROUND(M46+L46,2) -> 27724.24 | O46: =ROUND(N46*D46,2) -> 5544848 | Q46: =ROUND(AVERAGE(G46,L46),2) -> 39548.84 | R46: =ROUND(Q46*19%,2) -> 7514.28 | S46: =ROUND(R46+Q46,2) -> 47063.12 | T46: =ROUND(S46*D46,2) -> 9412624
B47: =B46+1 -> 3 | C47: Cobijas para cama sencilla | D47: 300 | E47: UNIDAD | G47: ='ANEXO 1 - COTIZACION'!U48 -> 49600 | H47: =ROUND(G47*19%,2) -> 9424 | I47: =ROUND(H47+G47,2) -> 59024 | J47: =ROUND(I47*D47,2) -> 17707200 | L47: ='ANEXO 2 - HISTORIC'!J44 -> 19006.01 | M47: =ROUND(L47*19%,2) -> 3611.14 | N47: =ROUND(M47+L47,2) -> 22617.15 | O47: =ROUND(N47*D47,2) -> 6785145 | Q47: =ROUND(AVERAGE(AVERAGE(G47,L47),L47),2) -> 26654.51 | R47: =ROUND(Q47*19%,2) -> 5064.36 | S47: =ROUND(R47+Q47,2) -> 31718.87 | T47: =ROUND(S47*D47,2) -> 9515661
B48: =B47+1 -> 4 | C48: Edredón para cama doble | D48: 400 | E48: UNIDAD | G48: ='ANEXO 1 - COTIZACION'!U49 -> 124000 | H48: =ROUND(G48*19%,2) -> 23560 | I48: =ROUND(H48+G48,2) -> 147560 | J48: =ROUND(I48*D48,2) -> 59024000 | L48: ='ANEXO 2 - HISTORIC'!J45 -> 42916.77 | M48: =ROUND(L48*19%,2) -> 8154.19 | N48: =ROUND(M48+L48,2) -> 51070.96 | O48: =ROUND(N48*D48,2) -> 20428384 | Q48: =ROUND(AVERAGE(AVERAGE(G48,L48),L48),2) -> 63187.58 | R48: =ROUND(Q48*19%,2) -> 12005.64 | S48: =ROUND(R48+Q48,2) -> 75193.22 | T48: =ROUND(S48*D48,2) -> 30077288
B49: =B48+1 -> 5 | C49: Edredón para cama sencilla | D49: 500 | E49: UNIDAD | G49: ='ANEXO 1 - COTIZACION'!U50 -> 161200 | H49: =ROUND(G49*19%,2) -> 30628 | I49: =ROUND(H49+G49,2) -> 191828 | J49: =ROUND(I49*D49,2) -> 95914000 | L49: ='ANEXO 2 - HISTORIC'!J46 -> 40464.4 | M49: =ROUND(L49*19%,2) -> 7688.24 | N49: =ROUND(M49+L49,2) -> 48152.64 | O49: =ROUND(N49*D49,2) -> 24076320 | Q49: =ROUND(AVERAGE(AVERAGE(G49,L49),L49),2) -> 70648.3 | R49: =ROUND(Q49*19%,2) -> 13423.18 | S49: =ROUND(R49+Q49,2) -> 84071.48 | T49: =ROUND(S49*D49,2) -> 42035740
B50: =B49+1 -> 6 | C50: Juego de sábanas doble | D50: 450 | E50: JUEGO | G50: ='ANEXO 1 - COTIZACION'!U51 -> 86800 | H50: =ROUND(G50*19%,2) -> 16492 | I50: =ROUND(H50+G50,2) -> 103292 | J50: =ROUND(I50*D50,2) -> 46481400 | L50: ='ANEXO 2 - HISTORIC'!J47 -> 28815.53 | M50: =ROUND(L50*19%,2) -> 5474.95 | N50: =ROUND(M50+L50,2) -> 34290.48 | O50: =ROUND(N50*D50,2) -> 15430716 | Q50: =ROUND(AVERAGE(AVERAGE(G50,L50),L50),2) -> 43311.65 | R50: =ROUND(Q50*19%,2) -> 8229.21 | S50: =ROUND(R50+Q50,2) -> 51540.86 | T50: =ROUND(S50*D50,2) -> 23193387
B51: =B50+1 -> 7 | C51: Juego de sábanas sencillo | D51: 550 | E51: JUEGO | G51: ='ANEXO 1 - COTIZACION'!U52 -> 62000 | H51: =ROUND(G51*19%,2) -> 11780 | I51: =ROUND(H51+G51,2) -> 73780 | J51: =ROUND(I51*D51,2) -> 40579000 | L51: ='ANEXO 2 - HISTORIC'!J48 -> 27589.37 | M51: =ROUND(L51*19%,2) -> 5241.98 | N51: =ROUND(M51+L51,2) -> 32831.35 | O51: =ROUND(N51*D51,2) -> 18057242 | Q51: =ROUND(AVERAGE(G51,L51),2) -> 44794.69 | R51: =ROUND(Q51*19%,2) -> 8510.99 | S51: =ROUND(R51+Q51,2) -> 53305.68 | T51: =ROUND(S51*D51,2) -> 29318124
B52: =B51+1 -> 8 | C52: Protector para cama doble | D52: 24 | E52: UNIDAD | G52: ='ANEXO 1 - COTIZACION'!U53 -> 86800 | H52: =ROUND(G52*19%,2) -> 16492 | I52: =ROUND(H52+G52,2) -> 103292 | J52: =ROUND(I52*D52,2) -> 2479008 | L52: ='ANEXO 2 - HISTORIC'!J49 -> 24524.21 | M52: =ROUND(L52*19%,2) -> 4659.6 | N52: =ROUND(M52+L52,2) -> 29183.81 | O52: =ROUND(N52*D52,2) -> 700411.44 | Q52: =ROUND(AVERAGE(AVERAGE(G52,L52),L52),2) -> 40093.16 | R52: =ROUND(Q52*19%,2) -> 7617.7 | S52: =ROUND(R52+Q52,2) -> 47710.86 | T52: =ROUND(S52*D52,2) -> 1145060.6
B53: 9 | C53: Protector para cama sencillo | D53: 24 | E53: UNIDAD | G53: ='ANEXO 1 - COTIZACION'!U54 -> 74400 | H53: =ROUND(G53*19%,2) -> 14136 | I53: =ROUND(H53+G53,2) -> 88536 | J53: =ROUND(I53*D53,2) -> 2124864 | L53: ='ANEXO 2 - HISTORIC'!J50 -> 21458.67 | M53: =ROUND(L53*19%,2) -> 4077.15 | N53: =ROUND(M53+L53,2) -> 25535.82 | O53: =ROUND(N53*D53,2) -> 612859.68 | Q53: =ROUND(AVERAGE(AVERAGE(G53,L53),L53),2) -> 34694 | R53: =ROUND(Q53*19%,2) -> 6591.86 | S53: =ROUND(R53+Q53,2) -> 41285.86 | T53: =ROUND(S53*D53,2) -> 990860.64
B54: 10 | C54: Toalla hotelera torno cuerpo | D54: 1100 | E54: UNIDAD | G54: ='ANEXO 1 - COTIZACION'!U55 -> 59461 | H54: =ROUND(G54*19%,2) -> 11297.59 | I54: =ROUND(H54+G54,2) -> 70758.59 | J54: =ROUND(I54*D54,2) -> 77834449 | L54: ='ANEXO 2 - HISTORIC'!J51 -> 19006 | M54: =ROUND(L54*19%,2) -> 3611.14 | N54: =ROUND(M54+L54,2) -> 22617.14 | O54: =ROUND(N54*D54,2) -> 24878854 | Q54: =ROUND(AVERAGE(AVERAGE(G54,L54),L54),2) -> 29119.75 | R54: =ROUND(Q54*19%,2) -> 5532.75 | S54: =ROUND(R54+Q54,2) -> 34652.5 | T54: =ROUND(S54*D54,2) -> 38117750
C55: TOTAL GRUPO 4 | G55: TOTAL GRUPO 4 | J55: =SUM(J45:J54) -> 372024821 | L55: TOTAL GRUPO 4 | O55: =SUM(O45:O54) -> 1.2111117e+08 | Q55: TOTAL GRUPO 4 | T55: =SUM(T45:T54) -> 1.9140391e+08
C56: GRUPO 5
B57: =B56+1 -> 1 | C57: Colchón doble ortopédico tipo hotelero, doble a dos caras. | D57: 156 | E57: UNIDAD | G57: ='ANEXO 1 - COTIZACION'!U58 -> 792399.5 | H57: =ROUND(G57*19%,2) -> 150555.91 | I57: =ROUND(H57+G57,2) -> 942955.41 | J57: =ROUND(I57*D57,2) -> 1.4710104e+08 | L57: ='ANEXO 2 - HISTORIC'!J54 -> 319249.08 | M57: =ROUND(L57*19%,2) -> 60657.33 | N57: =ROUND(M57+L57,2) -> 379906.41 | O57: =ROUND(N57*D57,2) -> 59265400 | Q57: =ROUND(AVERAGE(AVERAGE(G57,L57),L57),2) -> 437536.69 | R57: =ROUND(Q57*19%,2) -> 83131.97 | S57: =ROUND(R57+Q57,2) -> 520668.66 | T57: =ROUND(S57*D57,2) -> 81224311
B58: =B57+1 -> 2 | C58: Colchón sencillo ortopédico tipo hotelero, doble a dos caras. | D58: 400 | E58: UNIDAD | G58: ='ANEXO 1 - COTIZACION'!U59 -> 592256 | H58: =ROUND(G58*19%,2) -> 112528.64 | I58: =ROUND(H58+G58,2) -> 704784.64 | J58: =ROUND(I58*D58,2) -> 281913856 | L58: ='ANEXO 2 - HISTORIC'!J55 -> 372457.67 | M58: =ROUND(L58*19%,2) -> 70766.96 | N58: =ROUND(M58+L58,2) -> 443224.63 | O58: =ROUND(N58*D58,2) -> 177289852 | Q58: =ROUND(AVERAGE(AVERAGE(G58,L58),L58),2) -> 427407.25 | R58: =ROUND(Q58*19%,2) -> 81207.38 | S58: =ROUND(R58+Q58,2) -> 508614.63 | T58: =ROUND(S58*D58,2) -> 203445852
C59: TOTAL GRUPO 5 | H59: TOTAL GRUPO 5 | J59: =SUM(J57:J58) -> 4.290149e+08 | M59: TOTAL GRUPO 5 | O59: =SUM(O57:O58) -> 2.3655525e+08 | R59: TOTAL GRUPO 5 | T59: =SUM(T57:T58) -> 2.8467016e+08
B60: TOTAL GRUPO 1 , 2 , 3 , 4 Y 5 | G60: TOTAL GRUPO 1 . 2 , 3 , 4 Y 5 | J60: =SUM(J15+J22+J43+J55+J59) -> 2.3253924e+09 | L60: TOTAL GRUPO 1 . 2 , 3 , 4 Y 5 | O60: =SUM(O15+O22+O43+O55+O59) -> 9.5707344e+08 | Q60: TOTAL GRUPO 1 . 2 , 3 , 4 Y 5 | T60: =SUM(T15+T22+T43+T55+T59) -> 1.4570124e+09
B62: NOTAS:
B63: 2) Para establecer el valor del mercado ítem x ítem del GRUPO 1 , GRUPO 2 ,GRUPO 3, GRUPO 4 y GRUPO 5 , para los cuales se utilizó para los que NO cuentan con gasto historico se toma el valor del analisis de la cotización recibida y para los demás items la formula media aritmetica baja . Por otra parte,los de color salmón se realiza la formula promedio.
B64: 3) En el presente análisis se aplicó el procedimiento de aproximación generalmente aceptado por las reglas matemáticas denominado redondeo a dos decimales, esto es, si el tercer decimal es menor que 5, el segundo decimal se mantiene; si el tercer decimal es igual o mayor que 5, el segundo decimal se incrementa en uno.
B65: Fecha de elaboración: 12/05/2026
B66: Mod No 1: 21/05/2026
B67: Estudio del sector : 284
B68: Mod No 2: 03/06/2026
